 Dungeon Crawl Stone Soup version 0.30.0-20-g3615ddf2f0 (webtiles) character file.

Game seed: 14942515228428510092

618359 qw the Slayer (level 27, -10/193 HPs)
             Began as a Gargoyle Fighter on May 29, 2023.
             Was the Champion of the Shining One.
             Killed by divine providence
             ... invoked by a royal mummy
              (11 damage)
             ... on level 3 of the Tomb of the Ancients.
             The game lasted 00:50:27 (63292 turns).

qw the Slayer (Gargoyle Fighter)                   Turns: 63292, Time: 00:50:27

Health: -10/193    AC: 60    Str: 31      XL:     27
Magic:  20/36      EV: 21    Int:  2 (11) God:    the Shining One [******]
Gold:   2107       SH: 31    Dex: 19      Spells: 26/26 levels left

rFire   + . .        O - +5 broad axe (holy)
rCold   . . .        J - +2 tower shield {AC+3}
rNeg    + + +        r - +7 plate armour
rPois   inf          p - +2 hat
rElec   +            L - scarf of Tenacity {repulsion, Int+3 Dex+4}
rCorr   .            b - +2 pair of gloves
SInv    .            h - +2 pair of boots
Will    ++++.        C - amulet of reflection Stlth
                     D - ring of Lust {rF+ Will++ Dex+6}
HPRegen 0.52/turn    x - +5 ring of evasion
MPRegen 0.25/turn

%: repel missiles, reflection
@: marked, flying, slowed, lost intelligence, glowing, unable to read, very slow
A: sickness immunity, AC +20, big wings, negative energy resistance 1,
electricity resistance, torment resistance 1, petrification resistance,
deterioration 1, dopey 1, mutation resistance 1, weak 1
}: 4/15 runes: serpentine, barnacled, slimy, silver
a: Renounce Religion, Divine Shield, Cleansing Flame, Summon Divine Warrior


You were on level 3 of the Tomb of the Ancients.
You worshipped the Shining One.
The Shining One was exalted by your worship.
You visited 12 branches of the dungeon, and saw 55 of its levels.
You also visited: Gauntlet.

You collected 7060 gold pieces.
You spent 4953 gold pieces at shops.


Innate Abilities, Weirdness & Mutations

You are immune to sickness and miasma.
Your stone body is resilient. (AC +20)
You are immune to poison.
Your large and strong wings let you fly.
You resist negative energy. (rN+)
You are resistant to electric shocks. (rElec)
You are resistant to unholy torment.
You are immune to petrification.
Your body sometimes deteriorates upon taking damage.
You are dopey. (Int -2)
You are somewhat resistant to further mutation.
You are weak. (Str -2)


   Skills:
 + Level 25.4 Fighting
 - Level 18.0 Axes
 - Level 14.6 Throwing
 - Level 22.3 Armour
 - Level 13.0 Dodging
 - Level 22.5 Shields
 - Level 19.0 Invocations


You had 26 spell levels left.
You didn't know any spells.
Your spell library was empty.

Inventory:

Hand Weapons
 O - a +5 broad axe of holy wrath (weapon)
Missiles
 y - 14 javelins (quivered)
Armour
 b - a +2 pair of gloves (worn)
 h - a +2 pair of boots (worn)
 l - a +3 plate armour of fire resistance
 p - a +2 hat (worn)
 r - a +7 plate armour (worn)
 t - a +2 cloak
 w - +0 gold dragon scales
 B - a scarf of resistance
 J - a +2 tower shield of protection (worn)
 L - the scarf of Tenacity (worn) {repulsion, Int+3 Dex+4}
   (You found it on level 4 of the Snake Pit)

   Int:       It affects your intelligence (+3).
   Dex:       It affects your dexterity (+4).
Jewellery
 s - a +4 ring of protection
 x - a +5 ring of evasion (right hand)
 C - an amulet of reflection (around neck)
 D - the ring of Lust (left hand) {rF+ Will++ Dex+6}
   (You found it on level 3 of the Crypt)

   [ring of dexterity]

   Dex:       It affects your dexterity (+6).
   rF:        It protects you from fire.
   Will:      It greatly increases your willpower.
 E - a ring of protection from fire
 H - a ring of protection from cold
 M - the ring of the Solstice {Ice rN+ Str+6 Int+2}
   (You took it off a tengu reaver on level 3 of the Depths)

   [ring of ice]

   It enhances your ice magic.
   Str:       It affects your strength (+6).
   Int:       It affects your intelligence (+2).
   rF:        It makes you vulnerable to fire.
   rC:        It protects you from cold.
   rN:        It protects you from negative energy.
 Y - the ring "Dosiastru" {rC+ rN+ Slay+2 Stlth-}
   (You found it on level 3 of the Crypt)

   [ring of positive energy]

   Slay:      It affects your accuracy & damage with ranged weapons and melee
   (+2).
   rC:        It protects you from cold.
   rN:        It protects you from negative energy.
   Stlth:     It makes you less stealthy.
Wands
 g - a wand of digging (26)
Scrolls
 f - 17 scrolls of identify
 m - 14 scrolls of teleportation
Potions
 a - 4 potions of magic
 c - 6 potions of mutation
 d - 6 potions of might
 i - 2 potions of cancellation
 j - 7 potions of lignification
 k - 8 potions of attraction
 n - 11 potions of haste
 o - 31 potions of curing
 q - 11 potions of resistance

Dungeon Overview and Level Annotations

Branches:
Dungeon (15/15)            Temple (1/1) D:5            Lair (5/5) D:10
 Shoals (4/4) Lair:2        Snake (4/4) Lair:2        Slime (5/5) Lair:4
    Orc (2/2) D:10            Elf (0/3) Orc:2        Vaults (5/5) D:13
  Crypt (3/3) Vaults:3       Tomb (3/3) Crypt:3      Depths (4/4) D:15
    Zot (4/5) Depths:4    Gauntlet (visited)

Altars:
Ashenzari
Cheibriados
Dithmenos
Elyvilon
Fedhas
Gozag
Hepliaklqana
Kikubaaqudgha
Makhleb
Nemelex Xobeh
Okawaru
Qazlal
Ru
Sif Muna
Trog
Uskayaw
Vehumet
Wu Jian
Xom
Yredelemnul
Zin
The Shining One
Jiyva
Lugonu

Shops:
D:4 :   D:5 *   Orc:2 *:[(*[[*   Shoals:3 !**[(   Snake:1 [[::   Snake:2 :
Snake:4 [[([   Vaults:3 [[=

Portals:
Hell: Depths:1 Depths:2 Depths:3 Depths:4
Abyss: Lair:5 Depths:3
Pandemonium: Depths:1 Depths:2
Ziggurat: Depths:4
Trove: D:14 (give 18 scrolls of teleportation)

Annotations:
D:10 2 transporters
D:15 3 runed translucent doors, qw's ghost, journeyman GrFi
Shoals:2 3 runed translucent doors, Amuaxidi's ghost, adept FoCK
Tomb:3 Khufu
Depths:3 1 runed translucent door


Message History

The emperor scorpion disappears in a puff of smoke! x3
The death scarab disappears in a puff of smoke!
The golden flame engulfs the royal mummy!!!
The royal mummy writhes in agony!
The royal mummy is moderately damaged.
The golden flame engulfs the death scarab!!!
The death scarab writhes in agony!
You destroy the death scarab!
The death scarab's corpse disappears in a puff of smoke!
The golden flame engulfs Khufu!!!
Khufu writhes in agony!
Khufu is lightly damaged.
The golden flame engulfs the royal mummy!!!
The royal mummy writhes in agony!
The royal mummy is moderately damaged.
The golden flame engulfs the mummy!!
The mummy writhes in agony!
You destroy the mummy!
The Shining One accepts your kill.
You feel better.
You feel your power returning.
The golden flame engulfs the death scarab!!!
The death scarab writhes in agony!
You destroy the death scarab!
The death scarab's corpse disappears in a puff of smoke!
The golden flame engulfs the death scarab!!
The death scarab writhes in agony!
The death scarab is heavily damaged.
The golden flame engulfs the death scarab!!!!
The death scarab writhes in agony!
You destroy the death scarab!
The death scarab's corpse disappears in a puff of smoke!
You feel extremely nervous for a moment...
Pain shoots through your body!!
The death scarab's many legs skitter faintly.
You block the death scarab's attack. The death scarab bites you!
The Shining One protects you from harm! The death scarab completely misses you.
The royal mummy mumbles some strange words.
The royal mummy gestures wildly while chanting.
The royal mummy gestures at you while chanting.
Something smites you!
You die...

########
#.s.s%.#
#..¤¤¤¤#
#sMB@%¤#


#.BBMMB# #¤MMBs¤# #.¤sBM.# .'.sMBMMB ..#..M9ZM#B ...#..BB9.#B. .. #...9MB# ..
You could see Khufu, 5 royal mummies, 6 emperor scorpions, 3 guardian mummies, 3
ushabtiu, 13 death scarabs, 3 mummies and a naga warrior zombie.

Vanquished Creatures
  the Royal Jelly (Slime:5)
  2 ancient liches (Vaults:5)
  Mara (Shoals:4)
  A juggernaut (Depths:2)
  Sojobo (Vaults:3)
  13 royal mummies
  Boris (Tomb:3)
  Saint Roka (Vaults:5)
  Vashnia (Snake:2)
  A curse toe (Zot:2)
  Nikola (Snake:1)
  8 golden dragons
  A caustic shrike (Depths:3)
  Jory (Crypt:3)
  A bone dragon (Depths:4)
  2 electric golems (Zot:3)
  9 tentacled monstrosities
  Mlioglotl (Snake:4)
  Jorgrun (Orc:1)
  5 liches
  A walking earthen tome (Depths:2)
  15 titans
  15 acid blobs
  8 quicksilver dragons
  6 deep elf master archers
  7 sphinxes
  3 walking frostbound tomes
  8 death cobs
  7 ancient champions
  Frances (Shoals:2)
  Agnes (Vaults:3)
  3 revenants
  8 nagarajas
  5 shadow dragons
  11 storm dragons
  6 tengu reavers
  Donald (Snake:4)
  15 azure jellies
  Ilsuiw (Shoals:4)
  A deep elf sorcerer (Crypt:2)
  4 draconian knights
  6 rockslimes (Slime:5)
  3 draconian monks
  16 fire giants
  15 frost giants
  An iron dragon (Vaults:5)
  4 draconian scorchers (Zot:2)
  Aizul (Snake:2)
  16 vault wardens
  A ghost moth (Zot:3)
  3 curse skulls
  2 draconian shifters
  3 orc warlords
  3 draconian annihilators
  21 ironbound preservers
  A reaper (Depths:4)
  28 very ugly things
  4 draconian stormcallers
  A ghoul (Crypt:2)
  6 quicksilver oozes (Slime:5)
  3 spriggan defenders
  5 war gargoyles
  35 stone giants
  5 black draconians
  A deep elf demonologist (Vaults:5)
  7 ironbound thunderhulks
  A caustic shrike skeleton (Crypt:3)
  7 green draconians
  16 vampire knights
  An eleionoma (shapeshifter) (Vaults:5)
  11 purple draconians
  3 spark wasps
  5 bennus
  A minotaur (Gauntlet)
  11 dire elephants
  8 white draconians
  9 red draconians
  5 eidola
  9 yellow draconians
  5 ettins
  An ettin (shapeshifter) (Vaults:5)
  6 merfolk javelineers
  9 jiangshi
  Josephine (D:13)
  15 mummy priests
  6 deep elf death magi
  A quicksilver dragon zombie (Crypt:2)
  An entropy weaver (Vaults:1)
  12 merfolk impalers
  A fenstrider witch zombie (Tomb:3)
  5 deep elf high priests
  7 fire dragons
  A spriggan zombie (Crypt:2)
  4 peacekeepers
  Erolcha (Orc:2)
  6 ironbound frosthearts
  6 hydras
  14 yaktaur captains
  5 rakshasas
  15 great orbs of eyes
  A salamander tyrant (Snake:4)
  A juggernaut simulacrum (Crypt:2)
  2 ogre magi (Vaults:5)
  33 vault guards
  4 spriggan air magi
  9 ice dragons
  3 merfolk avatars
  2 boulder beetles
  A dancing weapon (Crypt:3)
  7 merfolk aquamancers
  14 anacondas
  4 death knights
  9 two-headed ogres
  3 satyrs
  19 centaur warriors
  2 spriggan skeletons
  9 deep troll earth magi
  5 spriggan berserkers
  13 naga warriors
  3 deep troll shamans
  55 death scarabs
  An Orb Guardian skeleton (Crypt:1)
  Urug (D:10)
  4 death yaks
  5 tengu warriors
  An orc high priest (Orc:2)
  7 vampire magi
  A hell hog (Depths:4)
  3 thrashing horrors (Lair:5)
  A soul eater (Vaults:3)
  8 deep elf knights
  16 naga sharpshooters
  6 shock serpents
  3 large abominations (Lair:5)
  4 hell knights
  A titan zombie (Tomb:1)
  2 sixfirhies
  2 storm dragon zombies
  3 sun demons
  51 skeletal warriors
  3 skysharks
  A bunyip zombie (Crypt:3)
  6 iron trolls
  9 salamander mystics
  A fire crab (Gauntlet)
  A golden dragon zombie (Crypt:1)
  2 shadow wraiths
  64 deep trolls
  2 flayed ghosts (Crypt:3)
  16 sea snakes
  6 naga ritualists
  8 wizards
  9 deep elf archers
  4 lindwurms
  19 harpies
  An anaconda zombie (Crypt:3)
  25 ironbound convokers
  10 deep elf pyromancers
  26 phantasmal warriors
  A harpy (shapeshifter) (D:14)
  2 tengu zombies
  17 orc knights
  9 necromancers
  A shadow dragon zombie (Crypt:3)
  A faun (shapeshifter) (D:15)
  4 deep elf zephyrmancers
  A tengu skeleton (Vaults:4)
  11 orc sorcerers
  2 shining eyes
  7 mana vipers
  A shining eye (shapeshifter) (Vaults:5)
  An oklob plant (Gauntlet)
  A salamander (shapeshifter) (Lair:5)
  10 manticores
  A stone giant zombie (Crypt:1)
  8 fauns
  11 cyclopes
  A cyclops (shapeshifter) (Vaults:5)
  11 moths of wrath
  An iron dragon zombie (Crypt:1)
  A manticore (shapeshifter) (Depths:4)
  36 salamanders
  A shadow dragon skeleton (Vaults:1)
  40 ugly things
  3 centaur zombies (Crypt:3)
  An iron dragon skeleton (Crypt:3)
  A stone giant skeleton (Vaults:2)
  A shock serpent zombie (Crypt:3)
  13 merfolk sirens
  25 vault sentinels
  4 guardian serpents (Snake:4)
  14 naga magi
  A frost giant skeleton (Crypt:1)
  12 water nymphs
  3 eyes of devastation
  10 elephants
  Maurice (D:10)
  2 smoke demons
  36 black mambas
  A torpor snail (Lair:2)
  A dire elephant zombie (Crypt:3)
  An alligator snapping turtle zombie (Crypt:3)
  A rime drake (shapeshifter) (Lair:5)
  An elf skeleton (Vaults:2)
  7 cane toads
  A cane toad (shapeshifter) (Vaults:1)
  Maggie (Lair:1)
  2 kobold demonologists (D:11)
  A black draconian zombie (Crypt:1)
  10 freezing wraiths
  A purple draconian zombie (Crypt:2)
  A komodo dragon (shapeshifter) (Vaults:5)
  5 komodo dragons
  4 tengu conjurers
  52 yaktaurs
  A tormentor (Depths:2)
  A yaktaur zombie (Vaults:1)
  A rime drake (D:10)
  A green draconian skeleton (Crypt:2)
  An unseen horror skeleton (Crypt:3)
  42 guardian mummies
  An ancient zyme (Lair:5)
  4 trolls
  A polar bear (D:10)
  A hydra zombie (Crypt:3)
  4 harpy zombies (Crypt:3)
  3 meliai (D:14)
  44 merfolk
  A hornet (Depths:4)
  8 wind drakes
  A hornet (shapeshifter) (D:11)
  A merfolk (shapeshifter) (Depths:4)
  8 dream sheep
  A wolf spider simulacrum (D:14)
  A harpy skeleton (Crypt:2)
  9 snapping turtles
  An ettin zombie (Vaults:1)
  A jumping spider zombie (Crypt:3)
  Prince Ribbit (D:8)
  2 hydra skeletons
  9 blink frogs (Lair:5)
  A frost giant simulacrum (Vaults:4)
  118 slime creatures
  An ice dragon skeleton (Crypt:1)
  9 small abominations (Lair:5)
  3 centaur simulacra
  2 ynoxinuls (Lair:5)
  A human simulacrum (Vaults:1)
  Sigmund (D:3)
  23 flying skulls
  20 water elementals
  An ettin skeleton (Tomb:1)
  A culicivora (Vaults:1)
  2 spriggans
  19 wraiths
  2 wyverns
  3 shadows
  7 ushabtiu
  A black mamba skeleton (Crypt:2)
  A fire elemental (Depths:4)
  29 yaks
  7 basilisks
  A human (shapeshifter) (D:15)
  2 fire bats (Gauntlet)
  2 redbacks (Vaults:1)
  A chaos spawn (Lair:5)
  A steam dragon (D:9)
  5 vampire mosquitoes
  A swamp worm (shapeshifter) (Vaults:3)
  2 swamp worms (Gauntlet)
  14 wargs
  48 nagas
  2 harpy simulacra
  4 acid dragons
  A faun skeleton (Crypt:1)
  6 water moccasins
  26 orc warriors
  A swamp drake (D:10)
  8 ice beasts
  3 sky beasts
  A black bear (D:6)
  An orc zombie (Vaults:1)
  7 ogres
  6 centaurs
  10 wolves
  A phantom (D:5)
  7 kobold brigands
  12 bullfrogs
  A scorpion (shapeshifter) (Lair:5)
  A gnoll sergeant (D:9)
  2 human skeletons
  A wyvern zombie (Crypt:2)
  7 scorpions
  A cyclops skeleton (Crypt:3)
  6 wights
  8 killer bees
  A wolf zombie (Crypt:2)
  A raiju skeleton (Crypt:2)
  An electric eel (Lair:2)
  5 howler monkeys (D:11)
  A centaur skeleton (Crypt:3)
  4 hounds
  A jelly (D:5)
  18 orc priests
  2 iguanas (D:5)
  39 orc wizards
  An acid dragon zombie (Crypt:2)
  A naga skeleton (Crypt:2)
  37 mummies
  Robin (D:2)
  7 adders
  12 gnolls
  4 ufetubi
  2 adder zombies
  An iguana zombie (Crypt:1)
  3 worms
  96 orcs
  7 ball pythons
  A bat zombie (Crypt:3)
  6 endoplasms
  3 giant cockroaches
  13 goblins
  5 hobgoblins
  33 kobolds
  A quokka (D:4)
  3 bats
  A frilled lizard (D:3)
  5 rats
  A fire vortex (Depths:4)
2427 creatures vanquished.

Vanquished Creatures (collateral kills)
  7 royal mummies
  2 liches
  An eldritch tentacle (Tomb:2)
  A frost giant (Tomb:1)
  A stone giant (Tomb:1)
  2 red draconians (Tomb:1)
  A bennu (Tomb:2)
  9 mummy priests
  7 death scarabs
  A skeletal warrior (Tomb:1)
  An anaconda zombie (Tomb:2)
  2 deep elf archers (Tomb:1)
  5 deep elf pyromancers (Tomb:1)
  7 guardian mummies
  2 flying skulls (Tomb:2)
  3 ushabtiu
  12 mummies
64 creatures vanquished.

Vanquished Creatures (others)
  A draconian monk (Zot:2)
  A vampire knight (Depths:3)
  A red draconian (Zot:3)
  A purple draconian (Crypt:3)
  A naga sharpshooter (Snake:1)
  A wizard (Vaults:3)
  A manticore (Shoals:2)
  A naga mage (Snake:4)
  A merfolk (Shoals:4)
  A wraith (Crypt:3)
  2 water elementals (Depths:1)
  A warg (Vaults:5)
  A naga (Snake:4)
  An orc wizard (D:10)
  4 orcs
19 creatures vanquished.

Grand Total: 2510 creatures vanquished

Notes
Turn   | Place    | Note
-------+----------+-------------------------------------------
     0 | D:1      | qw the Gargoyle Fighter began the quest for the Orb.
     0 | D:1      | Reached XP level 1. HP: 14/14 MP: 1/1
     0 | D:1      | 0 ||| qw: Version: 0.2-a-101-gf424e7f
     0 | D:1      | 0 ||| qw: Game counter: 303
     0 | D:1      | 0 ||| qw: Always use a shield: true
     0 | D:1      | 0 ||| qw: God list: Okawaru
     0 | D:1      | 0 ||| qw: Allow faded altars: false
     0 | D:1      | 0 ||| qw: Do Orc after D:15 true
     0 | D:1      | 0 ||| qw: Do second Lair branch before Depths: true
     0 | D:1      | 0 ||| qw: Lair rune preference: random
     0 | D:1      | 0 ||| qw: Plans: Normal, Zot:1-4, Slime:5, God:TSO, Crypt,
                  | Tomb, Pan, Hells, Abyss, Win
     0 | D:1      | 0 ||| PLANNING D:1-11
   177 | D:1      | Reached XP level 2. HP: 19/19 MP: 2/2
   658 | D:1      | 658 ||| UPGRADING to +0 chain mail.
   668 | D:1      | 668 ||| DROPPING +0 scale mail.
   669 | D:1      | 669 ||| UPGRADING to +0 pair of boots.
   716 | D:2      | Found a sparkling altar of Nemelex Xobeh.
   844 | D:2      | Reached skill level 3 in Axes
   954 | D:2      | Reached XP level 3. HP: 23/23 MP: 3/3
  1166 | D:2      | Noticed Robin
  1172 | D:2      | Killed Robin
  1173 | D:2      | 1173 ||| FLEEEEING.
  1174 | D:2      | 1174 ||| FLEEEEING.
  1175 | D:2      | 1175 ||| FLEEEEING.
  1176 | D:2      | 1176 ||| FLEEEEING.
  1177 | D:2      | 1177 ||| FLEEEEING.
  1178 | D:2      | 1178 ||| FLEEEEING.
  1179 | D:2      | 1179 ||| FLEEEEING.
  1180 | D:2      | 1180 ||| FLEEEEING.
  1181 | D:2      | 1181 ||| FLEEEEING.
  1183 | D:2      | 1183 ||| FLEEEEING.
  1184 | D:2      | 1184 ||| FLEEEEING.
  1185 | D:2      | 1185 ||| FLEEEEING.
  1187 | D:2      | 1187 ||| FLEEEEING.
  1188 | D:2      | 1188 ||| FLEEEEING.
  1189 | D:2      | 1189 ||| FLEEEEING.
  1190 | D:2      | 1190 ||| FLEEEEING.
  1191 | D:2      | 1191 ||| FLEEEEING.
  1192 | D:2      | 1192 ||| FLEEEEING.
  1193 | D:2      | 1193 ||| FLEEEEING.
  1194 | D:2      | 1194 ||| FLEEEEING.
  1195 | D:2      | 1195 ||| FLEEEEING.
  1197 | D:2      | 1197 ||| FLEEEEING.
  1198 | D:2      | 1198 ||| FLEEEEING.
  1199 | D:2      | 1199 ||| FLEEEEING.
  1201 | D:2      | 1201 ||| FLEEEEING.
  1202 | D:2      | 1202 ||| FLEEEEING.
  1203 | D:2      | 1203 ||| FLEEEEING.
  1204 | D:2      | 1204 ||| FLEEEEING.
  1205 | D:2      | 1205 ||| FLEEEEING.
  1206 | D:2      | 1206 ||| FLEEEEING.
  1207 | D:2      | 1207 ||| FLEEEEING.
  1208 | D:2      | 1208 ||| FLEEEEING.
  1320 | D:2      | 1320 ||| Stepping ~*~*~tactically~*~*~ (stealth).
  1478 | D:2      | Reached XP level 4. HP: 27/28 MP: 4/4
  1599 | D:2      | 1599 ||| UPGRADING to +0 helmet.
  1604 | D:2      | 1604 ||| UPGRADING to +0 plate armour.
  1614 | D:2      | 1614 ||| DROPPING +0 chain mail.
  1615 | D:2      | 1615 ||| UPGRADING to amulet of guardian spirit.
  1620 | D:2      | 1620 ||| DROPPING ring of flight.
  1621 | D:2      | 1621 ||| READING scroll labelled SAYJESCHEL CAITYLL.
  1622 | D:2      | 1622 ||| READING 2 scrolls labelled ERCHITHR RISA.
  1623 | D:2      | 1623 ||| READING scroll of brand weapon.
  1623 | D:2      | 1623 ||| BRANDING +0 war axe of electrocution.
  1624 | D:2      | 1624 ||| READING scroll labelled YSTOOR AGOMAV.
  1632 | D:3      | Found a snail-covered altar of Cheibriados.
  1706 | D:3      | Noticed Sigmund
  1707 | D:3      | 1707 ||| Stepping ~*~*~tactically~*~*~ (hiding).
  1708 | D:3      | 1708 ||| Stepping ~*~*~tactically~*~*~ (hiding).
  1724 | D:3      | Killed Sigmund
  1725 | D:3      | Reached XP level 5. HP: 27/32 MP: 3/5
  1764 | D:3      | 1764 ||| Stepping ~*~*~tactically~*~*~ (stealth).
  1766 | D:3      | 1766 ||| Stepping ~*~*~tactically~*~*~ (hiding).
  1789 | D:3      | Reached XP level 6. HP: 16/37 MP: 3/6
  1795 | D:3      | 1795 ||| FLEEEEING.
  1796 | D:3      | 1796 ||| FLEEEEING.
  1797 | D:3      | 1797 ||| Stepping ~*~*~tactically~*~*~ (stealth).
  1801 | D:3      | 1801 ||| Stepping ~*~*~tactically~*~*~ (hiding).
  1810 | D:3      | Reached skill level 4 in Fighting
  1945 | D:3      | 1945 ||| Stepping ~*~*~tactically~*~*~ (stealth).
  2337 | D:3      | 2337 ||| UPGRADING to +0 pair of gloves.
  2342 | D:3      | 2342 ||| READING scroll labelled ACULEJ ATOAKEL.
  2343 | D:3      | 2343 ||| READING 2 scrolls labelled LAURI HAXKE.
  2344 | D:3      | 2344 ||| READING scroll of enchant armour.
  2344 | D:3      | 2344 ||| ENCHANTING +0 pair of gloves.
  2345 | D:3      | 2345 ||| READING scroll labelled FYHOQE PIMP.
  2411 | D:4      | 2411 ||| Stepping ~*~*~tactically~*~*~ (stealth).
  2431 | D:4      | Found Goilarchama's Book Shop.
  2442 | D:4      | 2442 ||| READING scroll labelled UTINAF KIER.
  2593 | D:4      | Reached skill level 6 in Axes
  2602 | D:4      | 2602 ||| Stepping ~*~*~tactically~*~*~ (stealth).
  2630 | D:4      | 2630 ||| DROPPING +0 whip.
  2660 | D:4      | 2660 ||| Stepping ~*~*~tactically~*~*~ (hiding).
  2810 | D:4      | Reached XP level 7. HP: 40/43 MP: 5/7
  2838 | D:4      | 2838 ||| Stepping ~*~*~tactically~*~*~ (hiding).
  2840 | D:4      | 2840 ||| Stepping ~*~*~tactically~*~*~ (hiding).
  2914 | D:4      | 2914 ||| Stepping ~*~*~tactically~*~*~ (hiding).
  2917 | D:4      | 2917 ||| Stepping ~*~*~tactically~*~*~ (hiding).
  3062 | D:4      | Found a shadowy altar of Dithmenos.
  3145 | D:4      | 3145 ||| READING scroll labelled CITHRE PUFIQ.
  3146 | D:4      | 3146 ||| DRINKING 2 bubbling golden potions.
  3197 | D:5      | Entered Level 5 of the Dungeon
  3555 | D:5      | Found Necleus's Assorted Antiques.
  3564 | D:5      | 3564 ||| BUYING bubbling sapphire potion (18 gold).
  3564 | D:5      | Bought a bubbling sapphire potion for 18 gold pieces
  3564 | D:5      | 3564 ||| BUYING golden potion (18 gold).
  3564 | D:5      | Bought a golden potion for 18 gold pieces
  3564 | D:5      | 3564 ||| BUYING lead wand (80 gold).
  3564 | D:5      | Bought a lead wand for 80 gold pieces
  3564 | D:5      | 3564 ||| BUYING scroll labelled CONANEZ ESORRA (20 gold).
  3564 | D:5      | Bought a scroll labelled CONANEZ ESORRA for 20 gold pieces
  3564 | D:5      | 3564 ||| BUYING scroll of identify (40 gold).
  3564 | D:5      | Bought a scroll of identify for 40 gold pieces
  3850 | D:5      | 3850 ||| Stepping ~*~*~tactically~*~*~ (stealth).
  3852 | D:5      | 3852 ||| Stepping ~*~*~tactically~*~*~ (stealth).
  3885 | D:5      | 3885 ||| Stepping ~*~*~tactically~*~*~ (stealth).
  3886 | D:5      | 3886 ||| Stepping ~*~*~tactically~*~*~ (stealth).
  3923 | D:5      | Found a staircase to the Ecumenical Temple.
  3924 | D:5      | 3924 ||| PLANNING TEMPLE
  3924 | D:5      | 3924 ||| READING scroll labelled ALAMILLECUM.
  3925 | D:5      | 3925 ||| READING scroll labelled CONANEZ ESORRA.
  3954 | D:5      | 3954 ||| DRINKING 2 white potions.
  3955 | D:5      | 3955 ||| DRINKING 2 yellow potions.
  3956 | D:5      | 3956 ||| DRINKING 3 murky sapphire potions.
  4060 | D:5      | 4060 ||| DRINKING 4 golden potions.
  4061 | D:5      | 4061 ||| READING 3 scrolls of identify.
  4061 | D:5      | 4061 ||| IDENTIFYING brown potion
  4062 | D:5      | 4062 ||| READING 2 scrolls of identify.
  4062 | D:5      | 4062 ||| IDENTIFYING amethyst potion
  4063 | D:5      | 4063 ||| DROPPING potion of flight.
  4064 | D:5      | 4064 ||| DROPPING potion of degeneration.
  4065 | D:5      | 4065 ||| DROPPING potion of invisibility.
  4066 | D:5      | 4066 ||| DROPPING 2 potions of berserk rage.
  4067 | D:5      | 4067 ||| DROPPING potion of magic.
  4068 | D:5      | 4068 ||| DROPPING wand of flame (9).
  4076 | Temple   | Entered the Ecumenical Temple
  4077 | Temple   | 4077 ||| PLANNING OKAWARU WORSHIP
  4095 | Temple   | Became a worshipper of Warmaster Okawaru
  4095 | Temple   | 4095 ||| PLANNING D:1-11
  4096 | Temple   | 4096 ||| REMOVING amulet of guardian spirit.
  4101 | Temple   | 4101 ||| DROPPING amulet of guardian spirit.
  4460 | D:6      | Reached skill level 5 in Fighting
  4460 | D:6      | Reached XP level 8. HP: 49/49 MP: 8/8
  4484 | D:6      | Reached skill level 1 in Dodging
  4498 | D:6      | Reached * piety under Okawaru
  4584 | D:6      | 4584 ||| Stepping ~*~*~tactically~*~*~ (hiding).
  4591 | D:6      | 4591 ||| Stepping ~*~*~tactically~*~*~ (hiding).
  4617 | D:6      | Reached skill level 1 in Invocations
  4630 | D:6      | 4630 ||| DROPPING +0 flail.
  4708 | D:6      | Reached skill level 3 in Invocations
  4896 | D:6      | Found an opulent altar of Gozag.
  4907 | D:6      | 4907 ||| Stepping ~*~*~tactically~*~*~ (stealth).
  4927 | D:6      | 4927 ||| INVOKING Heroism.
  4933 | D:6      | Reached skill level 1 in Throwing
  5015 | D:6      | 5015 ||| INVOKING Heroism.
  5047 | D:6      | Reached XP level 9. HP: 54/54 MP: 12/12
  5056 | D:6      | Identified the +5 falchion "Cuomam" {freeze, rPois Int+3}
  5062 | D:6      | 5062 ||| INVOKING Heroism.
  5070 | D:6      | Reached skill level 6 in Fighting
  5131 | D:6      | Found a glowing silver altar of Zin.
  5306 | D:7      | 5306 ||| Stepping ~*~*~tactically~*~*~ (stealth).
  5355 | D:7      | Found a flagged portal.
  5558 | D:7      | 5558 ||| INVOKING Heroism.
  5560 | D:7      | Reached skill level 9 in Axes
  5673 | D:7      | Found a sacrificial altar of Ru.
  6077 | D:7      | Reached skill level 6 in Armour
  6285 | D:7      | 6285 ||| DROPPING +1 hat.
  6286 | D:7      | 6286 ||| DROPPING amulet of magic regeneration.
  6287 | D:7      | 6287 ||| DROPPING ring of magical power.
  6288 | D:7      | 6288 ||| READING scroll labelled NAWA QYOLOJI.
  6292 | D:7      | 6292 ||| READING scroll labelled UTOFO DESAFITI.
  6368 | D:8      | Found an ornate altar of the Wu Jian Council.
  6530 | D:8      | Noticed Prince Ribbit
  6531 | D:8      | 6531 ||| INVOKING Heroism.
  6536 | D:8      | Killed Prince Ribbit
  6536 | D:8      | Reached ** piety under Okawaru
  6556 | D:8      | 6556 ||| Stepping ~*~*~tactically~*~*~ (hiding).
  6580 | D:8      | 6580 ||| Stepping ~*~*~tactically~*~*~ (stealth).
  6804 | D:8      | 6804 ||| DROPPING +0 morningstar.
  6877 | D:8      | Reached skill level 7 in Fighting
  6886 | D:8      | 6886 ||| Stepping ~*~*~tactically~*~*~ (stealth).
  6887 | D:8      | 6887 ||| Stepping ~*~*~tactically~*~*~ (stealth).
  6890 | D:8      | 6890 ||| Stepping ~*~*~tactically~*~*~ (stealth).
  6920 | D:8      | Reached XP level 10. HP: 46/63 MP: 13/13
  7106 | D:8      | 7106 ||| Stepping ~*~*~tactically~*~*~ (stealth).
  7277 | D:8      | 7277 ||| READING scroll labelled ESAL HOTEJUXE.
  7278 | D:8      | 7278 ||| DRINKING 2 bubbling sapphire potions.
  7278 | D:8      | Gained mutation: Armour fits poorly on your strangely
                  | shaped body. [potion of mutation]
  7279 | D:8      | 7279 ||| DRINKING potion of mutation.
  7279 | D:8      | Lost mutation: Armour fits poorly on your strangely shaped
                  | body. [potion of mutation]
  7279 | D:8      | Gained mutation: You are frail. (-10% HP) [potion of
                  | mutation]
  7279 | D:8      | Gained mutation: You occasionally lose the ability to read
                  | scrolls when taking damage. [potion of mutation]
  7279 | D:8      | Gained mutation: Your large and strong wings let you fly.
                  | [potion of mutation]
  7280 | D:8      | 7280 ||| READING 3 scrolls of identify.
  7280 | D:8      | 7280 ||| IDENTIFYING glowing inky potion
  7281 | D:8      | 7281 ||| READING 2 scrolls of identify.
  7281 | D:8      | 7281 ||| IDENTIFYING sedimented brown potion
  7421 | D:9      | 7421 ||| Stepping ~*~*~tactically~*~*~ (hiding).
  7422 | D:9      | 7422 ||| Stepping ~*~*~tactically~*~*~ (hiding).
  7424 | D:9      | 7424 ||| INVOKING Heroism.
  7449 | D:9      | 7449 ||| INVOKING Heroism.
  7570 | D:9      | 7570 ||| DRINKING potion of mutation.
  7570 | D:9      | Lost mutation: Your large and strong wings let you fly.
                  | [potion of mutation]
  7570 | D:9      | Lost mutation: You occasionally lose the ability to read
                  | scrolls when taking damage. [potion of mutation]
  7570 | D:9      | Lost mutation: You are frail. (-10% HP) [potion of
                  | mutation]
  7570 | D:9      | Gained mutation: You have a pair of small antennae on your
                  | head. [potion of mutation]
  7570 | D:9      | Gained mutation: You are strong-willed. (Will+) [potion of
                  | mutation]
  7589 | D:9      | 7589 ||| INVOKING Heroism.
  7686 | D:9      | Reached skill level 8 in Fighting
  7691 | D:9      | Reached *** piety under Okawaru
  7737 | D:9      | 7737 ||| Stepping ~*~*~tactically~*~*~ (stealth).
  7786 | D:9      | 7786 ||| INVOKING Heroism.
  7923 | D:9      | Identified the +1 whip "Qyoq" {venom, Contam rPois Dex+6}
  8043 | D:9      | 8043 ||| INVOKING Heroism.
  8050 | D:9      | 8050 ||| Stepping ~*~*~tactically~*~*~ (cloud).
  8395 | D:9      | 8395 ||| UPGRADING to +2 kite shield.
  8405 | D:9      | 8405 ||| DROPPING +0 buckler.
  8406 | D:9      | 8406 ||| DROPPING +0 helmet.
  8417 | D:10     | Entered Level 10 of the Dungeon
  8417 | D:10     | Noticed an orc knight
  8420 | D:10     | Noticed a manticore
  8420 | D:10     | Noticed a stone giant
  8431 | D:10     | Found a transporter.
  8434 | D:10     | Noticed Maurice
  8435 | D:10     | 8435 ||| Stepping ~*~*~tactically~*~*~ (hiding).
  8442 | D:10     | 8442 ||| INVOKING Heroism.
  8452 | D:10     | Killed Maurice
  8453 | D:10     | Reached skill level 6 in Shields
  8458 | D:10     | 8458 ||| INVOKING Heroism.
  8486 | D:10     | Found a staircase to the Lair.
  8505 | D:10     | Reached **** piety under Okawaru
  8506 | D:10     | Reached XP level 11. HP: 68/68 MP: 14/14
  8743 | D:10     | 8743 ||| INVOKING Heroism.
  8749 | D:10     | 8749 ||| Stepping ~*~*~tactically~*~*~ (hiding).
  8802 | D:10     | Noticed Urug
  8803 | D:10     | 8803 ||| INVOKING Heroism.
  8818 | D:10     | 8818 ||| INVOKING Heroism.
  8820 | D:10     | Killed Urug
  8821 | D:10     | Reached skill level 9 in Shields
  8998 | D:10     | Found a stormy altar of Qazlal.
  9041 | D:10     | Found a transporter.
  9043 | D:10     | Noticed a wolf spider
  9103 | D:10     | a wolf spider changed into a boulder beetle
  9103 | D:10     | Noticed a boulder beetle (shapeshifter)
  9104 | D:10     | Noticed a two-headed ogre
  9105 | D:10     | 9105 ||| INVOKING Heroism.
  9119 | D:10     | Killed a two-headed ogre
  9142 | D:10     | Noticed a glowing orange brain
  9179 | D:10     | 9179 ||| Stepping ~*~*~tactically~*~*~ (hiding).
  9295 | D:10     | 9295 ||| Stepping ~*~*~tactically~*~*~ (stealth).
  9342 | D:10     | Found a staircase to the Orcish Mines.
  9344 | D:10     | 9344 ||| INVOKING Heroism.
  9361 | D:10     | Reached skill level 3 in Throwing
  9364 | D:10     | Reached skill level 6 in Invocations
  9476 | D:10     | Noticed a deep troll
  9476 | D:10     | Noticed a great orb of eyes
  9502 | D:10     | 9502 ||| PLANNING LAIR
  9502 | D:10     | 9502 ||| UPGRADING to +0 cloak.
  9507 | D:10     | 9507 ||| UPGRADING to +2 cloak.
  9517 | D:10     | 9517 ||| DROPPING +0 cloak.
  9556 | Lair:1   | Entered Level 1 of the Lair of Beasts
  9603 | Lair:1   | 9603 ||| INVOKING Heroism.
  9603 | Lair:1   | Noticed Maggie
  9604 | Lair:1   | 9604 ||| Stepping ~*~*~tactically~*~*~ (hiding).
  9628 | Lair:1   | Killed Maggie
  9696 | Lair:1   | 9696 ||| INVOKING Heroism.
  9808 | Lair:1   | 9808 ||| READING scroll of enchant armour.
  9808 | Lair:1   | 9808 ||| ENCHANTING +1 pair of gloves.
  9967 | Lair:1   | 9967 ||| Stepping ~*~*~tactically~*~*~ (stealth).
  9969 | Lair:1   | 9969 ||| Stepping ~*~*~tactically~*~*~ (stealth).
 10037 | Lair:1   | Found a dark tunnel.
 10262 | Lair:1   | 10262 ||| INVOKING Heroism.
 10299 | Lair:1   | 10299 ||| INVOKING Heroism.
 10606 | Lair:2   | 10606 ||| INVOKING Heroism.
 10615 | Lair:2   | Noticed a death yak
 10638 | Lair:2   | Killed a death yak
 10712 | Lair:2   | Received a gift from Okawaru
 10772 | Lair:2   | Reached XP level 12. HP: 73/73 MP: 18/18
 10780 | Lair:2   | Reached ***** piety under Okawaru
 10850 | Lair:2   | 10850 ||| Stepping ~*~*~tactically~*~*~ (stealth).
 10869 | Lair:2   | 10869 ||| INVOKING Heroism.
 10884 | Lair:2   | Reached skill level 9 in Invocations
 10942 | Lair:2   | Found a staircase to the Snake Pit.
 10984 | Lair:2   | Noticed a five-headed hydra
 10985 | Lair:2   | 10985 ||| INVOKING Heroism.
 10989 | Lair:2   | 10989 ||| SWAPPING to +0 morningstar of freezing.
 10992 | Lair:2   | Killed a five-headed hydra
 10993 | Lair:2   | 10993 ||| SWAPPING to +0 vampiric war axe.
 11035 | Lair:2   | Found a staircase to the Shoals.
 11101 | Lair:2   | 11101 ||| INVOKING Heroism.
 11450 | Lair:2   | 11450 ||| INVOKING Heroism.
 11871 | Lair:2   | 11871 ||| UPGRADING to +4 ring of slaying {mikee}.
 11872 | Lair:2   | 11872 ||| READING scroll labelled LORCHA IVUIRIPT.
 11893 | Lair:3   | Noticed a six-headed hydra
 11894 | Lair:3   | 11894 ||| INVOKING Heroism.
 11896 | Lair:3   | 11896 ||| SWAPPING to +0 morningstar of freezing.
 11902 | Lair:3   | Killed a six-headed hydra
 11903 | Lair:3   | Reached skill level 9 in Fighting
 11903 | Lair:3   | 11903 ||| SWAPPING to +0 vampiric war axe.
 11909 | Lair:3   | Received a gift from Okawaru
 11938 | Lair:3   | Noticed a boulder beetle
 11944 | Lair:3   | 11944 ||| INVOKING Heroism.
 11955 | Lair:3   | Killed a boulder beetle
 11987 | Lair:3   | 11987 ||| Stepping ~*~*~tactically~*~*~ (stealth).
 12290 | Lair:3   | Reached skill level 12 in Axes
 12533 | Lair:3   | 12533 ||| UPGRADING to +6 ring of dexterity.
 12534 | Lair:3   | 12534 ||| DROPPING +6 ring of intelligence.
 12562 | Lair:4   | Noticed a death yak
 12563 | Lair:4   | Noticed a death yak
 12564 | Lair:4   | 12564 ||| INVOKING Heroism.
 12565 | Lair:4   | 12565 ||| INVOKING Finesse.
 12567 | Lair:4   | Noticed a death yak
 12580 | Lair:4   | Killed a death yak
 12581 | Lair:4   | Killed a death yak
 12589 | Lair:4   | Killed a death yak
 12590 | Lair:4   | Reached skill level 9 in Armour
 12640 | Lair:4   | 12640 ||| INVOKING Heroism.
 12647 | Lair:4   | Reached XP level 13. HP: 80/80 MP: 17/20
 12663 | Lair:4   | Identified the +5 scale mail of Resilience {Rampage rCorr
                  | Int+4}
 12786 | Lair:4   | 12786 ||| INVOKING Heroism.
 12799 | Lair:4   | Reached skill level 3 in Dodging
 13055 | Lair:4   | Found a staircase to the Slime Pits.
 13055 | Lair:4   | Found a viscous altar of Jiyva.
 13373 | Lair:4   | 13373 ||| UPGRADING to +4 ring of protection.
 13375 | Lair:4   | 13375 ||| DROPPING +6 ring of dexterity.
 13376 | Lair:4   | 13376 ||| READING 3 scrolls of identify.
 13376 | Lair:4   | 13376 ||| IDENTIFYING ruby potion
 13377 | Lair:4   | 13377 ||| DROPPING potion of brilliance.
 13407 | Lair:5   | Entered Level 5 of the Lair of Beasts
 13455 | Lair:5   | Noticed an entropy weaver
 13456 | Lair:5   | 13456 ||| INVOKING Finesse.
 13457 | Lair:5   | 13457 ||| INVOKING Heroism.
 13460 | Lair:5   | an entropy weaver changed into a salamander
 13529 | Lair:5   | 13529 ||| Stepping ~*~*~tactically~*~*~ (stealth).
 13531 | Lair:5   | 13531 ||| INVOKING Heroism.
 13567 | Lair:5   | Reached skill level 10 in Fighting
 13601 | Lair:5   | 13601 ||| Stepping ~*~*~tactically~*~*~ (hiding).
 13602 | Lair:5   | 13602 ||| INVOKING Heroism.
 13603 | Lair:5   | 13603 ||| Stepping ~*~*~tactically~*~*~ (hiding).
 13627 | Lair:5   | 13627 ||| Stepping ~*~*~tactically~*~*~ (stealth).
 13628 | Lair:5   | 13628 ||| Stepping ~*~*~tactically~*~*~ (stealth).
 13683 | Lair:5   | 13683 ||| Stepping ~*~*~tactically~*~*~ (stealth).
 13688 | Lair:5   | 13688 ||| Stepping ~*~*~tactically~*~*~ (stealth).
 13691 | Lair:5   | 13691 ||| Stepping ~*~*~tactically~*~*~ (stealth).
 13701 | Lair:5   | Received a gift from Okawaru
 13748 | Lair:5   | Found a corrupted altar of Lugonu.
 13748 | Lair:5   | Found a one-way gate to the infinite horrors of the Abyss.
 13824 | Lair:5   | 13824 ||| Stepping ~*~*~tactically~*~*~ (stealth).
 13887 | Lair:5   | 13887 ||| INVOKING Heroism.
 13888 | Lair:5   | 13888 ||| INVOKING Finesse.
 13892 | Lair:5   | 13892 ||| Stepping ~*~*~tactically~*~*~ (hiding).
 13894 | Lair:5   | 13894 ||| SWAPPING to +0 morningstar of freezing.
 13902 | Lair:5   | Received a gift from Okawaru
 13903 | Lair:5   | 13903 ||| SWAPPING to +0 vampiric war axe.
 13950 | Lair:5   | 13950 ||| Stepping ~*~*~tactically~*~*~ (hiding).
 13960 | Lair:5   | 13960 ||| Stepping ~*~*~tactically~*~*~ (stealth).
 14004 | Lair:5   | 14004 ||| READING scroll of enchant armour.
 14004 | Lair:5   | 14004 ||| ENCHANTING +0 pair of boots.
 14760 | Lair:5   | 14760 ||| PLANNING D:1-11
 14760 | Lair:5   | 14760 ||| DROPPING +1 cloak.
 14761 | Lair:5   | 14761 ||| READING scroll labelled YRUJAT FONUOHY.
 14941 | D:11     | 14941 ||| INVOKING Heroism.
 15043 | D:11     | 15043 ||| FLEEEEING.
 15044 | D:11     | 15044 ||| FLEEEEING.
 15045 | D:11     | 15045 ||| FLEEEEING.
 15046 | D:11     | 15046 ||| FLEEEEING.
 15047 | D:11     | 15047 ||| FLEEEEING.
 15048 | D:11     | 15048 ||| FLEEEEING.
 15049 | D:11     | 15049 ||| FLEEEEING.
 15050 | D:11     | 15050 ||| FLEEEEING.
 15056 | D:11     | 15056 ||| FLEEEEING.
 15057 | D:11     | 15057 ||| FLEEEEING.
 15058 | D:11     | 15058 ||| FLEEEEING.
 15059 | D:11     | 15059 ||| Stepping ~*~*~tactically~*~*~ (hiding).
 15113 | D:11     | 15113 ||| Stepping ~*~*~tactically~*~*~ (hiding).
 15135 | D:11     | 15135 ||| Stepping ~*~*~tactically~*~*~ (stealth).
 15137 | D:11     | 15137 ||| Stepping ~*~*~tactically~*~*~ (hiding).
 15223 | D:11     | 15223 ||| Stepping ~*~*~tactically~*~*~ (stealth).
 15261 | D:11     | 15261 ||| Stepping ~*~*~tactically~*~*~ (stealth).
 15682 | D:11     | Received a gift from Okawaru
 15702 | D:11     | 15702 ||| READING scroll of enchant armour.
 15702 | D:11     | 15702 ||| ENCHANTING +1 pair of boots.
 15891 | D:11     | Gained mutation: Your large and strong wings let you fly.
                  | [Gargoyle growth]
 15891 | D:11     | Reached XP level 14. HP: 86/88 MP: 21/21
 15954 | D:11     | Noticed a fire giant
 15956 | D:11     | 15956 ||| INVOKING Heroism.
 15957 | D:11     | 15957 ||| INVOKING Finesse.
 15966 | D:11     | Killed a fire giant
 15981 | D:11     | Received a gift from Okawaru
 16015 | D:11     | Identified the +2 scimitar "Jajic" {flame, Dex+3}
 16024 | D:11     | Identified the +4 morningstar of Ignis's Reproof {drain,
                  | Drain Fly Int+4}
 16026 | D:11     | 16026 ||| DROPPING +0 morningstar of freezing.
 16062 | D:11     | 16062 ||| INVOKING Heroism.
 16262 | D:11     | 16262 ||| PLANNING D
 16262 | D:11     | 16262 ||| UPGRADING to scarf of resistance.
 16272 | D:11     | 16272 ||| READING 3 scrolls of identify.
 16272 | D:11     | 16272 ||| IDENTIFYING fuming blue potion
 16273 | D:11     | 16273 ||| DROPPING potion of ambrosia.
 16321 | D:12     | 16321 ||| PLANNING GAUNTLET
 16509 | D:12     | Found a gate leading to a gauntlet.
 16533 | Gauntlet | Entered a Gauntlet
 16533 | Gauntlet | Found a transporter.
 16533 | Gauntlet | Found a transporter.
 16534 | Gauntlet | Found a transporter.
 16534 | Gauntlet | Found a transporter.
 16537 | Gauntlet | Found a transporter.
 16547 | Gauntlet | Found a transporter.
 16558 | Gauntlet | Found a transporter.
 16565 | Gauntlet | Found a transporter.
 16572 | Gauntlet | Found a transporter.
 16589 | Gauntlet | Found a transporter.
 16597 | Gauntlet | Found a transporter.
 16615 | Gauntlet | Found a transporter.
 16739 | Gauntlet | 16739 ||| INVOKING Heroism.
 16825 | Gauntlet | Reached skill level 11 in Fighting
 16825 | Gauntlet | 16825 ||| INVOKING Heroism.
 16903 | Gauntlet | 16903 ||| INVOKING Heroism.
 16904 | Gauntlet | 16904 ||| INVOKING Finesse.
 16923 | Gauntlet | 16923 ||| INVOKING Heroism.
 17113 | Gauntlet | 17113 ||| INVOKING Heroism.
 17315 | D:12     | 17315 ||| PLANNING D
 17546 | D:12     | 17546 ||| READING scroll of enchant weapon.
 17546 | D:12     | 17546 ||| ENCHANTING +0 vampiric war axe.
 18081 | D:13     | 18081 ||| FLEEEEING.
 18092 | D:13     | 18092 ||| FLEEEEING.
 18093 | D:13     | 18093 ||| FLEEEEING.
 18094 | D:13     | 18094 ||| FLEEEEING.
 18095 | D:13     | 18095 ||| FLEEEEING.
 18096 | D:13     | 18096 ||| FLEEEEING.
 18097 | D:13     | 18097 ||| FLEEEEING.
 18098 | D:13     | 18098 ||| FLEEEEING.
 18099 | D:13     | 18099 ||| FLEEEEING.
 18100 | D:13     | 18100 ||| FLEEEEING.
 18101 | D:13     | 18101 ||| FLEEEEING.
 18102 | D:13     | 18102 ||| FLEEEEING.
 18103 | D:13     | 18103 ||| FLEEEEING.
 18104 | D:13     | 18104 ||| FLEEEEING.
 18105 | D:13     | 18105 ||| FLEEEEING.
 18106 | D:13     | 18106 ||| FLEEEEING.
 18107 | D:13     | 18107 ||| FLEEEEING.
 18108 | D:13     | 18108 ||| FLEEEEING.
 18202 | D:13     | Found a gate to the Vaults.
 18243 | D:13     | 18243 ||| INVOKING Heroism.
 18276 | D:13     | Reached skill level 12 in Shields
 18352 | D:13     | Noticed Josephine
 18353 | D:13     | 18353 ||| Stepping ~*~*~tactically~*~*~ (stealth).
 18374 | D:13     | Killed Josephine
 18420 | D:13     | 18420 ||| Stepping ~*~*~tactically~*~*~ (stealth).
 18478 | D:13     | 18478 ||| Stepping ~*~*~tactically~*~*~ (hiding).
 18495 | D:13     | Reached skill level 6 in Throwing
 18500 | D:13     | Received a gift from Okawaru
 18799 | D:13     | 18799 ||| Stepping ~*~*~tactically~*~*~ (stealth).
 18800 | D:13     | 18800 ||| Stepping ~*~*~tactically~*~*~ (stealth).
 18832 | D:13     | 18832 ||| Stepping ~*~*~tactically~*~*~ (stealth).
 19009 | D:13     | 19009 ||| READING scroll labelled UNWIGH XOGHI.
 19314 | D:14     | 19314 ||| INVOKING Heroism.
 19315 | D:14     | 19315 ||| SWAPPING to +4 morningstar of Ignis's Reproof
                  | {drain, Drain Fly Int+4}.
 19316 | D:14     | 19316 ||| INVOKING Finesse.
 19321 | D:14     | 19321 ||| SWAPPING to +1 vampiric war axe.
 19453 | D:14     | 19453 ||| Stepping ~*~*~tactically~*~*~ (hiding).
 19454 | D:14     | 19454 ||| INVOKING Heroism.
 19635 | D:14     | 19635 ||| READING 3 scrolls of enchant armour.
 19635 | D:14     | 19635 ||| ENCHANTING +0 plate armour.
 19636 | D:14     | 19636 ||| READING 2 scrolls of enchant armour.
 19636 | D:14     | 19636 ||| ENCHANTING +1 plate armour.
 19637 | D:14     | 19637 ||| READING scroll of enchant armour.
 19637 | D:14     | 19637 ||| ENCHANTING +2 plate armour.
 19696 | D:14     | 19696 ||| Stepping ~*~*~tactically~*~*~ (stealth).
 19697 | D:14     | 19697 ||| Stepping ~*~*~tactically~*~*~ (stealth).
 19906 | D:14     | 19906 ||| Stepping ~*~*~tactically~*~*~ (hiding).
 19964 | D:14     | 19964 ||| READING scroll of enchant armour.
 19964 | D:14     | 19964 ||| ENCHANTING +3 plate armour.
 20052 | D:14     | Found a portal to a secret trove of treasure.
 20070 | D:14     | 20070 ||| DROPPING +4 plate armour of ponderousness.
 20099 | D:15     | Entered Level 15 of the Dungeon
 20100 | D:15     | 20100 ||| INVOKING Heroism.
 20101 | D:15     | 20101 ||| INVOKING Finesse.
 20102 | D:15     | 20102 ||| SWAPPING to +4 morningstar of Ignis's Reproof
                  | {drain, Drain Fly Int+4}.
 20108 | D:15     | Reached skill level 15 in Axes
 20108 | D:15     | 20108 ||| SWAPPING to +1 vampiric war axe.
 20160 | D:15     | Found a staircase to the Depths.
 20165 | D:15     | 20165 ||| INVOKING Finesse.
 20168 | D:15     | 20168 ||| Stepping ~*~*~tactically~*~*~ (hiding).
 20195 | D:15     | Reached XP level 15. HP: 79/82 MP: 19/22
 20214 | D:15     | 20214 ||| INVOKING Heroism.
 20240 | D:15     | 20240 ||| INVOKING Heroism.
 20256 | D:15     | Reached skill level 12 in Fighting
 20271 | D:15     | 20271 ||| INVOKING Heroism.
 20509 | D:15     | 20509 ||| READING scroll of enchant armour.
 20509 | D:15     | 20509 ||| ENCHANTING +4 plate armour.
 20538 | D:15     | Received a gift from Okawaru
 20539 | D:15     | 20539 ||| FLEEEEING.
 20540 | D:15     | 20540 ||| FLEEEEING.
 20541 | D:15     | 20541 ||| STAIRDANCE
 20565 | D:15     | 20565 ||| INVOKING Heroism.
 20566 | D:15     | 20566 ||| INVOKING Finesse.
 20568 | D:15     | Received a gift from Okawaru
 20576 | D:15     | 20576 ||| SWAPPING to +4 morningstar of Ignis's Reproof
                  | {drain, Drain Fly Int+4}.
 20586 | D:15     | 20586 ||| STAIRDANCE
 20589 | D:14     | 20589 ||| SWAPPING to +1 vampiric war axe.
 21208 | D:15     | Found an opulent altar of Gozag.
 21237 | D:15     | Found a runed translucent gate.
 21237 | D:15     | Noticed qw's ghost (journeyman GrFi)
 21238 | D:15     | Found a runed translucent gate.
 21240 | D:15     | Found a runed translucent gate.
 21290 | D:15     | 21290 ||| PLANNING ORC
 21485 | Orc:1    | Entered Level 1 of the Orcish Mines
 21488 | Orc:1    | 21488 ||| Stepping ~*~*~tactically~*~*~ (hiding).
 21524 | Orc:1    | Noticed Jorgrun
 21526 | Orc:1    | 21526 ||| Stepping ~*~*~tactically~*~*~ (hiding).
 21527 | Orc:1    | 21527 ||| INVOKING Heroism.
 21558 | Orc:1    | Killed Jorgrun
 21689 | Orc:2    | Entered Level 2 of the Orcish Mines
 21727 | Orc:2    | 21727 ||| Stepping ~*~*~tactically~*~*~ (stealth).
 21731 | Orc:2    | 21731 ||| Stepping ~*~*~tactically~*~*~ (stealth).
 21732 | Orc:2    | 21732 ||| INVOKING Heroism.
 21800 | Orc:2    | Found Laikaucs's Antique Armour Shop.
 21805 | Orc:2    | Found Qiket's General Store.
 21814 | Orc:2    | 21814 ||| BUYING amulet of reflection (420 gold).
 21814 | Orc:2    | Bought an amulet of reflection for 420 gold pieces
 21814 | Orc:2    | 21814 ||| BUYING potion of magic (112 gold).
 21814 | Orc:2    | Bought a potion of magic for 112 gold pieces
 21837 | Orc:2    | 21837 ||| INVOKING Heroism.
 21856 | Orc:2    | Found a staircase to the Elven Halls.
 21893 | Orc:2    | 21893 ||| INVOKING Heroism.
 21933 | Orc:2    | 21933 ||| Stepping ~*~*~tactically~*~*~ (stealth).
 22035 | Orc:2    | Found Xevegaucs's Assorted Antiques.
 22036 | Orc:2    | 22036 ||| INVOKING Heroism.
 22054 | Orc:2    | 22054 ||| READING 7 scrolls of teleportation.
 22176 | Orc:2    | 22176 ||| Stepping ~*~*~tactically~*~*~ (hiding).
 22177 | Orc:2    | 22177 ||| Stepping ~*~*~tactically~*~*~ (hiding).
 22196 | Orc:2    | Found Erofyffo's Armour Boutique.
 22202 | Orc:2    | 22202 ||| BUYING potion of curing (87 gold).
 22202 | Orc:2    | Bought a potion of curing for 87 gold pieces
 22202 | Orc:2    | 22202 ||| BUYING potion of curing (87 gold).
 22202 | Orc:2    | Bought a potion of curing for 87 gold pieces
 22202 | Orc:2    | 22202 ||| BUYING potion of might (116 gold).
 22202 | Orc:2    | Bought a potion of might for 116 gold pieces
 22202 | Orc:2    | 22202 ||| BUYING scroll of enchant armour (217 gold).
 22202 | Orc:2    | Bought a scroll of enchant armour for 217 gold pieces
 22202 | Orc:2    | 22202 ||| BUYING scroll of teleportation (87 gold).
 22202 | Orc:2    | Bought a scroll of teleportation for 87 gold pieces
 22202 | Orc:2    | 22202 ||| READING scroll of enchant armour.
 22202 | Orc:2    | 22202 ||| ENCHANTING +5 plate armour.
 22238 | Orc:2    | Received a gift from Okawaru
 22389 | Orc:2    | 22389 ||| INVOKING Heroism.
 22410 | Orc:2    | Found Obbohear's Distillery.
 22415 | Orc:2    | 22415 ||| BUYING 2 potions of mutation (176 gold).
 22415 | Orc:2    | Bought 2 potions of mutation for 176 gold pieces
 22415 | Orc:2    | 22415 ||| BUYING 2 potions of resistance (220 gold).
 22415 | Orc:2    | Bought 2 potions of resistance for 220 gold pieces
 22415 | Orc:2    | 22415 ||| BUYING potion of attraction (33 gold).
 22415 | Orc:2    | Bought a potion of attraction for 33 gold pieces
 22415 | Orc:2    | 22415 ||| BUYING potion of curing (33 gold).
 22415 | Orc:2    | Bought a potion of curing for 33 gold pieces
 22415 | Orc:2    | 22415 ||| BUYING potion of curing (33 gold).
 22415 | Orc:2    | Bought a potion of curing for 33 gold pieces
 22415 | Orc:2    | 22415 ||| SHOPLISTING potion of curing (33 gold, have 12).
 22415 | Orc:2    | 22415 ||| SHOPLISTING potion of haste (110 gold, have 12).
 22415 | Orc:2    | 22415 ||| SHOPLISTING potion of heal wounds (55 gold, have
                  | 12).
 22415 | Orc:2    | 22415 ||| SHOPLISTING potion of resistance (110 gold, have
                  | 12).
 22422 | Orc:2    | 22422 ||| Stepping ~*~*~tactically~*~*~ (stealth).
 22432 | Orc:2    | 22432 ||| Stepping ~*~*~tactically~*~*~ (stealth).
 22434 | Orc:2    | 22434 ||| Stepping ~*~*~tactically~*~*~ (hiding).
 22442 | Orc:2    | 22442 ||| Stepping ~*~*~tactically~*~*~ (stealth).
 22475 | Orc:2    | 22475 ||| Stepping ~*~*~tactically~*~*~ (stealth).
 22484 | Orc:2    | 22484 ||| Stepping ~*~*~tactically~*~*~ (stealth).
 22509 | Orc:2    | 22509 ||| Stepping ~*~*~tactically~*~*~ (hiding).
 22512 | Orc:2    | 22512 ||| INVOKING Heroism.
 22529 | Orc:2    | Received a gift from Okawaru
 22530 | Orc:2    | 22530 ||| Stepping ~*~*~tactically~*~*~ (hiding).
 22533 | Orc:2    | 22533 ||| Stepping ~*~*~tactically~*~*~ (hiding).
 22577 | Orc:2    | Found Roeg's Antique Weapon Boutique.
 22577 | Orc:2    | Found Athrihew's Armour Shoppe.
 22607 | Orc:2    | Found Jez Curch's Book Shoppe.
 22609 | Orc:2    | 22609 ||| INVOKING Heroism.
 22617 | Orc:2    | Noticed Erolcha
 22620 | Orc:2    | Found Awnorphe's Assorted Antiques.
 22636 | Orc:2    | 22636 ||| Stepping ~*~*~tactically~*~*~ (hiding).
 22661 | Orc:2    | 22661 ||| INVOKING Heroism.
 22669 | Orc:2    | Killed Erolcha
 22706 | Orc:2    | 22706 ||| UPGRADING to amulet of reflection.
 22727 | Orc:1    | 22727 ||| Stepping ~*~*~tactically~*~*~ (hiding).
 22753 | Orc:1    | 22753 ||| Stepping ~*~*~tactically~*~*~ (stealth).
 22758 | Orc:1    | 22758 ||| INVOKING Heroism.
 22912 | Orc:2    | 22912 ||| SHOPLISTING potion of haste (280 gold, have 200).
 22912 | Orc:2    | 22912 ||| BUYING steel ring (140 gold).
 22912 | Orc:2    | Bought a steel ring for 140 gold pieces
 23300 | Orc:2    | 23300 ||| PLANNING SHOALS:1-3
 23420 | Shoals:1 | Entered Level 1 of the Shoals
 23531 | Shoals:1 | 23531 ||| INVOKING Heroism.
 23613 | Shoals:1 | 23613 ||| Stepping ~*~*~tactically~*~*~ (stealth).
 23641 | Shoals:1 | 23641 ||| READING scroll of enchant armour.
 23641 | Shoals:1 | 23641 ||| ENCHANTING +6 plate armour.
 23678 | Shoals:1 | 23678 ||| INVOKING Heroism.
 23681 | Shoals:1 | Reached skill level 13 in Fighting
 23681 | Shoals:1 | Reached XP level 16. HP: 72/104 MP: 20/23
 23797 | Shoals:1 | 23797 ||| INVOKING Heroism.
 23852 | Shoals:1 | 23852 ||| INVOKING Heroism.
 24100 | Shoals:1 | 24100 ||| Stepping ~*~*~tactically~*~*~ (hiding).
 24101 | Shoals:1 | 24101 ||| INVOKING Heroism.
 24129 | Shoals:1 | 24129 ||| Stepping ~*~*~tactically~*~*~ (hiding).
 24137 | Shoals:1 | 24137 ||| Stepping ~*~*~tactically~*~*~ (hiding).
 24138 | Shoals:1 | 24138 ||| Stepping ~*~*~tactically~*~*~ (hiding).
 24153 | Shoals:1 | Reached skill level 12 in Armour
 24154 | Shoals:1 | 24154 ||| INVOKING Heroism.
 24191 | Shoals:1 | 24191 ||| INVOKING Heroism.
 24348 | Shoals:1 | 24348 ||| READING 5 scrolls of identify.
 24348 | Shoals:1 | 24348 ||| IDENTIFYING sapphire potion
 24384 | Shoals:2 | 24384 ||| Stepping ~*~*~tactically~*~*~ (hiding).
 24455 | Shoals:2 | 24455 ||| INVOKING Heroism.
 24509 | Shoals:2 | Found a runed translucent gate.
 24510 | Shoals:2 | Found a runed translucent gate.
 24511 | Shoals:2 | Found a runed translucent gate.
 24512 | Shoals:2 | Noticed Amuaxidi's ghost (adept FoCK)
 24514 | Shoals:2 | 24514 ||| INVOKING Heroism.
 24667 | Shoals:2 | 24667 ||| Stepping ~*~*~tactically~*~*~ (hiding).
 24798 | Shoals:2 | Noticed Frances
 24800 | Shoals:2 | 24800 ||| INVOKING Heroism.
 24817 | Shoals:2 | Killed Frances
 24901 | Shoals:2 | 24901 ||| INVOKING Heroism.
 24920 | Shoals:2 | Reached skill level 14 in Fighting
 25473 | Shoals:3 | 25473 ||| Stepping ~*~*~tactically~*~*~ (hiding).
 25475 | Shoals:3 | 25475 ||| Stepping ~*~*~tactically~*~*~ (hiding).
 25476 | Shoals:3 | 25476 ||| Stepping ~*~*~tactically~*~*~ (hiding).
 25477 | Shoals:3 | 25477 ||| Stepping ~*~*~tactically~*~*~ (hiding).
 25494 | Shoals:3 | 25494 ||| INVOKING Heroism.
 25588 | Shoals:3 | 25588 ||| Stepping ~*~*~tactically~*~*~ (hiding).
 25590 | Shoals:3 | 25590 ||| Stepping ~*~*~tactically~*~*~ (hiding).
 25591 | Shoals:3 | 25591 ||| Stepping ~*~*~tactically~*~*~ (hiding).
 25592 | Shoals:3 | 25592 ||| Stepping ~*~*~tactically~*~*~ (hiding).
 25593 | Shoals:3 | 25593 ||| Stepping ~*~*~tactically~*~*~ (hiding).
 25594 | Shoals:3 | 25594 ||| Stepping ~*~*~tactically~*~*~ (hiding).
 25595 | Shoals:3 | 25595 ||| Stepping ~*~*~tactically~*~*~ (hiding).
 25596 | Shoals:3 | 25596 ||| Stepping ~*~*~tactically~*~*~ (hiding).
 25613 | Shoals:3 | 25613 ||| INVOKING Heroism.
 25815 | Shoals:3 | Found Facsif's Distillery.
 25823 | Shoals:3 | 25823 ||| BUYING potion of curing (57 gold).
 25823 | Shoals:3 | Bought a potion of curing for 57 gold pieces
 25823 | Shoals:3 | 25823 ||| BUYING potion of heal wounds (95 gold).
 25823 | Shoals:3 | Bought a potion of heal wounds for 95 gold pieces
 25823 | Shoals:3 | 25823 ||| BUYING potion of heal wounds (95 gold).
 25823 | Shoals:3 | Bought a potion of heal wounds for 95 gold pieces
 25823 | Shoals:3 | 25823 ||| SHOPLISTING potion of magic (152 gold, have 59).
 25911 | Shoals:3 | 25911 ||| INVOKING Heroism.
 25960 | Shoals:3 | 25960 ||| INVOKING Heroism.
 25985 | Shoals:3 | Found Xeotihor's Visitors' Centre.
 26007 | Shoals:3 | Found Xeotihor's Merfolk Magic.
 26012 | Shoals:3 | Found Xeotihor's Merfolk Armours.
 26012 | Shoals:3 | Found Xeotihor's Merfolk Weapons.
 26053 | Shoals:3 | 26053 ||| SHOPLISTING +5 ring of evasion (684 gold, have
                  | 80).
 26053 | Shoals:3 | 26053 ||| SHOPLISTING ring of ice (475 gold, have 80).
 26058 | Shoals:3 | 26058 ||| SHOPLISTING scroll of teleportation (300 gold,
                  | have 80).
 26063 | Shoals:3 | 26063 ||| SHOPLISTING +1 hat (132 gold, have 80).
 26331 | Shoals:3 | 26331 ||| PLANNING SNAKE:1-3
 26442 | Snake:1  | Entered Level 1 of the Snake Pit
 26468 | Snake:1  | 26468 ||| Stepping ~*~*~tactically~*~*~ (stealth).
 26475 | Snake:1  | Received a gift from Okawaru
 26485 | Snake:1  | 26485 ||| Stepping ~*~*~tactically~*~*~ (stealth).
 26561 | Snake:1  | Reached skill level 15 in Fighting
 26593 | Snake:1  | 26593 ||| Stepping ~*~*~tactically~*~*~ (hiding).
 26629 | Snake:1  | Received a gift from Okawaru
 26676 | Snake:1  | 26676 ||| Stepping ~*~*~tactically~*~*~ (hiding).
 26679 | Snake:1  | 26679 ||| INVOKING Heroism.
 26690 | Snake:1  | 26690 ||| Stepping ~*~*~tactically~*~*~ (hiding).
 26803 | Snake:1  | Found Meidus's Armour Emporium.
 26806 | Snake:1  | Found Yzakk's Book Shoppe.
 26806 | Snake:1  | Found Sunelos's Armour Emporium.
 26811 | Snake:1  | Found Anwuh's Book Shoppe.
 26812 | Snake:1  | 26812 ||| INVOKING Heroism.
 26823 | Snake:1  | Reached XP level 17. HP: 113/113 MP: 22/24
 26904 | Snake:1  | 26904 ||| Stepping ~*~*~tactically~*~*~ (hiding).
 26978 | Snake:1  | Noticed Nikola
 26979 | Snake:1  | 26979 ||| INVOKING Heroism.
 26980 | Snake:1  | 26980 ||| INVOKING Finesse.
 27008 | Snake:1  | Killed Nikola
 27008 | Snake:1  | Received a gift from Okawaru
 27218 | Snake:1  | 27218 ||| READING 6 scrolls of identify.
 27218 | Snake:1  | 27218 ||| IDENTIFYING emerald potion
 27279 | Snake:2  | Reached skill level 15 in Shields
 27279 | Snake:2  | 27279 ||| INVOKING Heroism.
 27388 | Snake:2  | Noticed Vashnia
 27389 | Snake:2  | 27389 ||| Stepping ~*~*~tactically~*~*~ (hiding).
 27397 | Snake:2  | 27397 ||| INVOKING Heroism.
 27400 | Snake:2  | 27400 ||| Stepping ~*~*~tactically~*~*~ (hiding).
 27420 | Snake:2  | Killed Vashnia
 27425 | Snake:2  | 27425 ||| INVOKING Heroism.
 27553 | Snake:2  | 27553 ||| INVOKING Heroism.
 27563 | Snake:2  | Received a gift from Okawaru
 27585 | Snake:2  | Noticed Aizul
 27586 | Snake:2  | 27586 ||| Stepping ~*~*~tactically~*~*~ (hiding).
 27587 | Snake:2  | 27587 ||| INVOKING Finesse.
 27610 | Snake:2  | Killed Aizul
 27833 | Snake:2  | Found Uruor's Book Shop.
 28034 | Snake:2  | 28034 ||| DROPPING amulet of regeneration.
 28098 | Snake:3  | Received a gift from Okawaru
 28133 | Snake:3  | 28133 ||| INVOKING Heroism.
 28144 | Snake:3  | Received a gift from Okawaru
 28152 | Snake:3  | Reached skill level 16 in Fighting
 28273 | Snake:3  | 28273 ||| Stepping ~*~*~tactically~*~*~ (stealth).
 28275 | Snake:3  | 28275 ||| Stepping ~*~*~tactically~*~*~ (stealth).
 28515 | Snake:3  | 28515 ||| Stepping ~*~*~tactically~*~*~ (hiding).
 28522 | Snake:3  | 28522 ||| INVOKING Heroism.
 28701 | Snake:3  | 28701 ||| PLANNING SHOALS:4
 28875 | Shoals:4 | Entered Level 4 of the Shoals
 28875 | Shoals:4 | Noticed Mara
 28876 | Shoals:4 | 28876 ||| INVOKING Heroism.
 28877 | Shoals:4 | 28877 ||| INVOKING Finesse.
 28886 | Shoals:4 | Noticed qw's illusion
 28911 | Shoals:4 | Killed Mara
 28912 | Shoals:4 | Reached skill level 9 in Throwing
 28921 | Shoals:4 | Reached XP level 18. HP: 122/122 MP: 20/25
 28941 | Shoals:4 | Received a gift from Okawaru
 28951 | Shoals:4 | Reached skill level 17 in Fighting
 28980 | Shoals:4 | 28980 ||| INVOKING Heroism.
 29000 | Shoals:4 | 29000 ||| DROPPING +4 morningstar of Ignis's Reproof
                  | {drain, Drain Fly Int+4}.
 29128 | Shoals:4 | 29128 ||| Stepping ~*~*~tactically~*~*~ (hiding).
 29129 | Shoals:4 | 29129 ||| Stepping ~*~*~tactically~*~*~ (hiding).
 29131 | Shoals:4 | 29131 ||| Stepping ~*~*~tactically~*~*~ (hiding).
 29132 | Shoals:4 | 29132 ||| Stepping ~*~*~tactically~*~*~ (hiding).
 29133 | Shoals:4 | 29133 ||| Stepping ~*~*~tactically~*~*~ (hiding).
 29148 | Shoals:4 | 29148 ||| INVOKING Heroism.
 29193 | Shoals:4 | 29193 ||| INVOKING Heroism.
 29253 | Shoals:4 | Noticed Ilsuiw
 29254 | Shoals:4 | 29254 ||| INVOKING Heroism.
 29255 | Shoals:4 | 29255 ||| INVOKING Finesse.
 29292 | Shoals:4 | Reached skill level 15 in Armour
 29299 | Shoals:4 | Identified the +0 kite shield of Jubbal Hima {MP+9 Dex+5}
                  | (Okawaru gifted it to you on level 4 of the Shoals)
 29299 | Shoals:4 | Received a gift from Okawaru
 29330 | Shoals:4 | Killed Ilsuiw
 29435 | Shoals:4 | 29435 ||| Stepping ~*~*~tactically~*~*~ (hiding).
 29447 | Shoals:4 | 29447 ||| Stepping ~*~*~tactically~*~*~ (hiding).
 29548 | Shoals:4 | 29548 ||| INVOKING Heroism.
 29666 | Shoals:4 | 29666 ||| INVOKING Heroism.
 29710 | Shoals:4 | 29710 ||| INVOKING Heroism.
 29789 | Shoals:4 | Identified the +1 falchion "Xyuross" {drain, SInv}
 29846 | Shoals:4 | 29846 ||| Stepping ~*~*~tactically~*~*~ (hiding).
 29847 | Shoals:4 | 29847 ||| Stepping ~*~*~tactically~*~*~ (hiding).
 29848 | Shoals:4 | 29848 ||| INVOKING Heroism.
 29915 | Shoals:4 | 29915 ||| Stepping ~*~*~tactically~*~*~ (hiding).
 30143 | Shoals:4 | 30143 ||| INVOKING Heroism.
 30276 | Shoals:4 | Got a barnacled rune of Zot
 30309 | Shoals:4 | 30309 ||| PLANNING VAULTS:1-4
 30309 | Shoals:4 | 30309 ||| DROPPING +1 pair of gloves.
 30310 | Shoals:4 | 30310 ||| DROPPING +0 kite shield of Jubbal Hima {MP+9
                  | Dex+5}.
 30522 | Vaults:1 | Entered Level 1 of the Vaults
 30523 | Vaults:1 | 30523 ||| PLANNING WIZLAB
 30526 | Vaults:1 | 30526 ||| Stepping ~*~*~tactically~*~*~ (hiding).
 30527 | Vaults:1 | 30527 ||| Stepping ~*~*~tactically~*~*~ (hiding).
 30678 | Vaults:1 | 30678 ||| INVOKING Heroism.
 30748 | Vaults:1 | 30748 ||| Stepping ~*~*~tactically~*~*~ (hiding).
 30766 | Vaults:1 | 30766 ||| Stepping ~*~*~tactically~*~*~ (hiding).
 30836 | Vaults:1 | Found a magical portal.
 30837 | Vaults:1 | 30837 ||| DROPPING +1 pair of boots.
 30838 | Vaults:1 | 30838 ||| Stepping randomly (stuck).
 30839 | Vaults:1 | 30839 ||| Stepping randomly (stuck).
 30840 | Vaults:1 | 30840 ||| Stepping randomly (stuck).
 30841 | Vaults:1 | 30841 ||| Stepping randomly (stuck).
 30842 | Vaults:1 | 30842 ||| Stepping randomly (stuck).
 30843 | Vaults:1 | 30843 ||| Stepping randomly (stuck).
 30844 | Vaults:1 | 30844 ||| Stepping randomly (stuck).
 30845 | Vaults:1 | 30845 ||| Stepping randomly (stuck).
 30846 | Vaults:1 | 30846 ||| Stepping randomly (stuck).
 30847 | Vaults:1 | 30847 ||| Stepping randomly (stuck).
 30848 | Vaults:1 | 30848 ||| Stepping randomly (stuck).
 30849 | Vaults:1 | 30849 ||| Stepping randomly (stuck).
 30850 | Vaults:1 | 30850 ||| Stepping randomly (stuck).
 30851 | Vaults:1 | 30851 ||| Stepping randomly (stuck).
 30852 | Vaults:1 | 30852 ||| Stepping randomly (stuck).
 30853 | Vaults:1 | 30853 ||| Stepping randomly (stuck).
 30854 | Vaults:1 | 30854 ||| Stepping randomly (stuck).
 30855 | Vaults:1 | 30855 ||| Stepping randomly (stuck).
 30856 | Vaults:1 | 30856 ||| Stepping randomly (stuck).
 30857 | Vaults:1 | 30857 ||| Stepping randomly (stuck).
 30858 | Vaults:1 | 30858 ||| Stepping randomly (stuck).
 30859 | Vaults:1 | 30859 ||| Stepping randomly (stuck).
 30860 | Vaults:1 | 30860 ||| Stepping randomly (stuck).
 30861 | Vaults:1 | 30861 ||| Stepping randomly (stuck).
 30862 | Vaults:1 | 30862 ||| Stepping randomly (stuck).
 30863 | Vaults:1 | 30863 ||| Stepping randomly (stuck).
 30864 | Vaults:1 | 30864 ||| Stepping randomly (stuck).
 30865 | Vaults:1 | 30865 ||| Stepping randomly (stuck).
 30866 | Vaults:1 | 30866 ||| Stepping randomly (stuck).
 30867 | Vaults:1 | 30867 ||| Stepping randomly (stuck).
 30868 | Vaults:1 | 30868 ||| Stepping randomly (stuck).
 30869 | Vaults:1 | 30869 ||| Stepping randomly (stuck).
 30870 | Vaults:1 | 30870 ||| Stepping randomly (stuck).
 30871 | Vaults:1 | 30871 ||| Stepping randomly (stuck).
 30872 | Vaults:1 | 30872 ||| Stepping randomly (stuck).
 30873 | Vaults:1 | 30873 ||| Stepping randomly (stuck).
 30874 | Vaults:1 | 30874 ||| Stepping randomly (stuck).
 30875 | Vaults:1 | 30875 ||| Stepping randomly (stuck).
 30876 | Vaults:1 | 30876 ||| Stepping randomly (stuck).
 30877 | Vaults:1 | 30877 ||| Stepping randomly (stuck).
 30878 | Vaults:1 | 30878 ||| Stepping randomly (stuck).
 30916 | Vaults:1 | 30916 ||| Stepping randomly (stuck).
 30917 | Vaults:1 | 30917 ||| Stepping randomly (stuck).
 30918 | Vaults:1 | 30918 ||| Stepping randomly (stuck).
 30919 | Vaults:1 | 30919 ||| Stepping randomly (stuck).
 30920 | Vaults:1 | 30920 ||| Stepping randomly (stuck).
 30921 | Vaults:1 | 30921 ||| Stepping randomly (stuck).
 30922 | Vaults:1 | 30922 ||| Stepping randomly (stuck).
 30923 | Vaults:1 | 30923 ||| Stepping randomly (stuck).
 30924 | Vaults:1 | 30924 ||| Stepping randomly (stuck).
 30925 | Vaults:1 | 30925 ||| Stepping randomly (stuck).
 30926 | Vaults:1 | 30926 ||| READING 9 scrolls of teleportation.
 30949 | Vaults:1 | 30949 ||| READING 8 scrolls of teleportation.
 30952 | Vaults:1 | 30952 ||| READING 7 scrolls of teleportation.
 30956 | Vaults:1 | 30956 ||| READING 6 scrolls of teleportation.
 30961 | Vaults:1 | 30961 ||| READING 5 scrolls of teleportation.
 30965 | Vaults:1 | 30965 ||| READING 4 scrolls of teleportation.
 30971 | Vaults:1 | 30971 ||| INVOKING Heroism.
 30993 | Vaults:1 | Received a gift from Okawaru
 31002 | Vaults:1 | Reached skill level 18 in Fighting
 31061 | Vaults:1 | Reached XP level 19. HP: 106/130 MP: 26/26
 31072 | Vaults:1 | 31072 ||| INVOKING Heroism.
 31196 | Vaults:1 | 31196 ||| READING 3 scrolls of teleportation.
 31201 | Vaults:1 | 31201 ||| READING 2 scrolls of teleportation.
 31205 | Vaults:1 | 31205 ||| READING scroll of teleportation.
 31234 | Vaults:1 | 31234 ||| INVOKING Heroism.
 31364 | Vaults:1 | 31364 ||| RIP WIZLAB
 31376 | Vaults:1 | 31376 ||| PLANNING VAULTS:1-4
 31390 | Vaults:1 | 31390 ||| Stepping ~*~*~tactically~*~*~ (hiding).
 31391 | Vaults:1 | 31391 ||| Stepping ~*~*~tactically~*~*~ (hiding).
 31422 | Vaults:1 | 31422 ||| Stepping ~*~*~tactically~*~*~ (hiding).
 31452 | Vaults:1 | Received a gift from Okawaru
 31493 | Vaults:1 | 31493 ||| Stepping ~*~*~tactically~*~*~ (hiding).
 31772 | Vaults:1 | 31772 ||| FLEEEEING.
 31773 | Vaults:1 | 31773 ||| FLEEEEING.
 31774 | Vaults:1 | 31774 ||| FLEEEEING.
 31775 | Vaults:1 | 31775 ||| FLEEEEING.
 31776 | Vaults:1 | 31776 ||| FLEEEEING.
 31777 | Vaults:1 | 31777 ||| FLEEEEING.
 31780 | Vaults:1 | 31780 ||| FLEEEEING.
 31781 | Vaults:1 | 31781 ||| FLEEEEING.
 31782 | Vaults:1 | 31782 ||| FLEEEEING.
 31783 | Vaults:1 | 31783 ||| FLEEEEING.
 31784 | Vaults:1 | 31784 ||| FLEEEEING.
 31785 | Vaults:1 | 31785 ||| FLEEEEING.
 31788 | Vaults:1 | 31788 ||| STAIRDANCE
 31900 | Vaults:1 | 31900 ||| STAIRDANCE
 32166 | Vaults:1 | 32166 ||| Stepping ~*~*~tactically~*~*~ (stealth).
 32448 | Vaults:1 | 32448 ||| Stepping ~*~*~tactically~*~*~ (stealth).
 32857 | Vaults:2 | 32857 ||| STAIRDANCE
 32859 | Vaults:1 | 32859 ||| INVOKING Heroism.
 32937 | Vaults:2 | 32937 ||| Stepping ~*~*~tactically~*~*~ (hiding).
 32938 | Vaults:2 | 32938 ||| Stepping ~*~*~tactically~*~*~ (hiding).
 32940 | Vaults:2 | 32940 ||| Stepping ~*~*~tactically~*~*~ (hiding).
 32952 | Vaults:2 | Reached skill level 19 in Fighting
 33026 | Vaults:2 | Received a gift from Okawaru
 33085 | Vaults:2 | 33085 ||| Stepping ~*~*~tactically~*~*~ (hiding).
 33102 | Vaults:2 | 33102 ||| Stepping ~*~*~tactically~*~*~ (stealth).
 33103 | Vaults:2 | 33103 ||| Stepping ~*~*~tactically~*~*~ (hiding).
 33104 | Vaults:2 | 33104 ||| Stepping ~*~*~tactically~*~*~ (stealth).
 33157 | Vaults:2 | 33157 ||| Stepping ~*~*~tactically~*~*~ (hiding).
 33263 | Vaults:2 | 33263 ||| INVOKING Heroism.
 33431 | Vaults:2 | 33431 ||| Stepping ~*~*~tactically~*~*~ (hiding).
 33432 | Vaults:2 | 33432 ||| Stepping ~*~*~tactically~*~*~ (hiding).
 33542 | Vaults:2 | 33542 ||| Stepping ~*~*~tactically~*~*~ (stealth).
 33624 | Vaults:2 | 33624 ||| Stepping ~*~*~tactically~*~*~ (stealth).
 33655 | Vaults:2 | 33655 ||| Stepping ~*~*~tactically~*~*~ (stealth).
 33807 | Vaults:2 | 33807 ||| Stepping ~*~*~tactically~*~*~ (hiding).
 33996 | Vaults:2 | 33996 ||| Stepping ~*~*~tactically~*~*~ (stealth).
 34039 | Vaults:2 | 34039 ||| Stepping ~*~*~tactically~*~*~ (stealth).
 34040 | Vaults:2 | Received a gift from Okawaru
 34061 | Vaults:2 | Reached XP level 20. HP: 130/139 MP: 27/27
 34138 | Vaults:2 | 34138 ||| READING scroll of enchant weapon.
 34138 | Vaults:2 | 34138 ||| ENCHANTING +1 vampiric war axe.
 34347 | Vaults:3 | Found Isyu's Jewellery Boutique.
 34385 | Vaults:3 | 34385 ||| Stepping ~*~*~tactically~*~*~ (stealth).
 34405 | Vaults:3 | 34405 ||| INVOKING Heroism.
 34419 | Vaults:3 | Identified the scarf "Feifriuwo" {+Inv, rC+} (Okawaru
                  | gifted it to you on level 3 of the Vaults)
 34419 | Vaults:3 | Received a gift from Okawaru
 34441 | Vaults:3 | 34441 ||| Stepping ~*~*~tactically~*~*~ (hiding).
 34442 | Vaults:3 | 34442 ||| Stepping ~*~*~tactically~*~*~ (hiding).
 34445 | Vaults:3 | 34445 ||| Stepping ~*~*~tactically~*~*~ (hiding).
 34453 | Vaults:3 | Reached ****** piety under Okawaru
 34772 | Vaults:3 | Reached skill level 20 in Fighting
 34808 | Vaults:3 | 34808 ||| FLEEEEING.
 34809 | Vaults:3 | 34809 ||| FLEEEEING.
 34810 | Vaults:3 | 34810 ||| FLEEEEING.
 34811 | Vaults:3 | 34811 ||| FLEEEEING.
 34812 | Vaults:3 | 34812 ||| FLEEEEING.
 34813 | Vaults:3 | 34813 ||| FLEEEEING.
 34814 | Vaults:3 | 34814 ||| FLEEEEING.
 34821 | Vaults:3 | 34821 ||| FLEEEEING.
 34822 | Vaults:3 | 34822 ||| FLEEEEING.
 34824 | Vaults:3 | 34824 ||| FLEEEEING.
 34826 | Vaults:3 | 34826 ||| FLEEEEING.
 34896 | Vaults:3 | 34896 ||| Stepping ~*~*~tactically~*~*~ (hiding).
 34897 | Vaults:3 | 34897 ||| Stepping ~*~*~tactically~*~*~ (hiding).
 34899 | Vaults:3 | 34899 ||| Stepping ~*~*~tactically~*~*~ (hiding).
 34983 | Vaults:3 | Found a staircase to the Crypt.
 35004 | Vaults:3 | 35004 ||| Stepping ~*~*~tactically~*~*~ (stealth).
 35152 | Vaults:3 | 35152 ||| Stepping ~*~*~tactically~*~*~ (stealth).
 35153 | Vaults:3 | 35153 ||| Stepping ~*~*~tactically~*~*~ (stealth).
 35156 | Vaults:3 | 35156 ||| Stepping ~*~*~tactically~*~*~ (stealth).
 35204 | Vaults:3 | 35204 ||| FLEEEEING.
 35205 | Vaults:3 | 35205 ||| FLEEEEING.
 35209 | Vaults:3 | 35209 ||| FLEEEEING.
 35210 | Vaults:3 | 35210 ||| FLEEEEING.
 35213 | Vaults:3 | 35213 ||| FLEEEEING.
 35217 | Vaults:3 | 35217 ||| FLEEEEING.
 35218 | Vaults:3 | 35218 ||| FLEEEEING.
 35219 | Vaults:3 | 35219 ||| FLEEEEING.
 35220 | Vaults:3 | 35220 ||| FLEEEEING.
 35222 | Vaults:3 | 35222 ||| FLEEEEING.
 35223 | Vaults:3 | 35223 ||| FLEEEEING.
 35224 | Vaults:3 | 35224 ||| FLEEEEING.
 35225 | Vaults:3 | 35225 ||| FLEEEEING.
 35226 | Vaults:3 | 35226 ||| FLEEEEING.
 35227 | Vaults:3 | 35227 ||| FLEEEEING.
 35265 | Vaults:3 | Reached skill level 18 in Armour
 35316 | Vaults:3 | 35316 ||| Stepping ~*~*~tactically~*~*~ (hiding).
 35329 | Vaults:3 | 35329 ||| FLEEEEING.
 35330 | Vaults:3 | 35330 ||| FLEEEEING.
 35332 | Vaults:3 | 35332 ||| FLEEEEING.
 35333 | Vaults:3 | 35333 ||| FLEEEEING.
 35334 | Vaults:3 | 35334 ||| FLEEEEING.
 35335 | Vaults:3 | 35335 ||| FLEEEEING.
 35336 | Vaults:3 | 35336 ||| FLEEEEING.
 35337 | Vaults:3 | 35337 ||| FLEEEEING.
 35339 | Vaults:3 | 35339 ||| FLEEEEING.
 35340 | Vaults:3 | 35340 ||| FLEEEEING.
 35341 | Vaults:3 | 35341 ||| FLEEEEING.
 35342 | Vaults:3 | 35342 ||| FLEEEEING.
 35343 | Vaults:3 | 35343 ||| FLEEEEING.
 35344 | Vaults:3 | 35344 ||| FLEEEEING.
 35345 | Vaults:3 | 35345 ||| FLEEEEING.
 35346 | Vaults:3 | 35346 ||| FLEEEEING.
 35347 | Vaults:3 | 35347 ||| FLEEEEING.
 35348 | Vaults:3 | 35348 ||| FLEEEEING.
 35349 | Vaults:3 | 35349 ||| FLEEEEING.
 35350 | Vaults:3 | 35350 ||| FLEEEEING.
 35351 | Vaults:3 | 35351 ||| FLEEEEING.
 35352 | Vaults:3 | 35352 ||| FLEEEEING.
 35353 | Vaults:3 | 35353 ||| FLEEEEING.
 35354 | Vaults:3 | 35354 ||| FLEEEEING.
 35358 | Vaults:3 | 35358 ||| FLEEEEING.
 35359 | Vaults:3 | 35359 ||| FLEEEEING.
 35365 | Vaults:3 | 35365 ||| FLEEEEING.
 35368 | Vaults:3 | 35368 ||| FLEEEEING.
 35369 | Vaults:3 | 35369 ||| FLEEEEING.
 35370 | Vaults:3 | 35370 ||| FLEEEEING.
 35371 | Vaults:3 | 35371 ||| FLEEEEING.
 35372 | Vaults:3 | 35372 ||| FLEEEEING.
 35373 | Vaults:3 | 35373 ||| FLEEEEING.
 35413 | Vaults:3 | 35413 ||| INVOKING Heroism.
 35569 | Vaults:3 | 35569 ||| DROPPING +4 broad axe of venom.
 35686 | Vaults:3 | 35686 ||| Stepping ~*~*~tactically~*~*~ (stealth).
 35751 | Vaults:3 | 35751 ||| Stepping ~*~*~tactically~*~*~ (stealth).
 35756 | Vaults:3 | 35756 ||| Stepping ~*~*~tactically~*~*~ (stealth).
 35773 | Vaults:3 | Reached skill level 6 in Dodging
 35918 | Vaults:3 | Found Ameucu's Armour Boutique.
 35927 | Vaults:3 | 35927 ||| BUYING +2 plate armour of fire resistance (880
                  | gold).
 35927 | Vaults:3 | Bought a +2 plate armour of fire resistance for 880 gold
                  | pieces
 35927 | Vaults:3 | 35927 ||| SHOPLISTING -1 pair of boots "Afeloji" {Str+4
                  | Slay+3} (605 gold, have 196).
 35942 | Vaults:3 | Found Utaik's Antique Armour Shoppe.
 35952 | Vaults:3 | 35952 ||| SHOPLISTING shiny plate armour (1014 gold, have
                  | 196).
 35957 | Vaults:3 | 35957 ||| Stepping ~*~*~tactically~*~*~ (stealth).
 35959 | Vaults:3 | 35959 ||| Stepping ~*~*~tactically~*~*~ (stealth).
 35959 | Vaults:3 | Noticed Sojobo
 35960 | Vaults:3 | 35960 ||| Stepping ~*~*~tactically~*~*~ (stealth).
 35963 | Vaults:3 | Received a gift from Okawaru
 35966 | Vaults:3 | 35966 ||| Stepping ~*~*~tactically~*~*~ (hiding).
 35971 | Vaults:3 | 35971 ||| INVOKING Heroism.
 35972 | Vaults:3 | 35972 ||| INVOKING Finesse.
 35972 | Vaults:3 | Noticed Agnes
 35973 | Vaults:3 | 35973 ||| INVOKING Finesse.
 36000 | Vaults:3 | Killed Agnes
 36016 | Vaults:3 | Paralysed by an air elemental for 1 turns
 36023 | Vaults:3 | Paralysed by an air elemental for 1 turns
 36033 | Vaults:3 | Killed Sojobo
 36033 | Vaults:3 | Received a gift from Okawaru
 36246 | Vaults:3 | 36246 ||| DROPPING +0 pair of gloves of stealth.
 36247 | Vaults:3 | 36247 ||| DROPPING scarf "Feifriuwo" {+Inv, rC+}.
 36321 | Vaults:4 | 36321 ||| READING scroll of enchant weapon.
 36321 | Vaults:4 | 36321 ||| ENCHANTING +2 vampiric war axe.
 36428 | Vaults:4 | 36428 ||| Stepping ~*~*~tactically~*~*~ (hiding).
 36430 | Vaults:4 | 36430 ||| Stepping ~*~*~tactically~*~*~ (hiding).
 36432 | Vaults:4 | 36432 ||| Stepping ~*~*~tactically~*~*~ (hiding).
 36433 | Vaults:4 | 36433 ||| Stepping ~*~*~tactically~*~*~ (hiding).
 36543 | Vaults:4 | 36543 ||| Stepping ~*~*~tactically~*~*~ (hiding).
 36565 | Vaults:4 | 36565 ||| Stepping ~*~*~tactically~*~*~ (stealth).
 36846 | Vaults:4 | 36846 ||| FLEEEEING.
 36847 | Vaults:4 | 36847 ||| FLEEEEING.
 36848 | Vaults:4 | 36848 ||| FLEEEEING.
 36849 | Vaults:4 | 36849 ||| FLEEEEING.
 36850 | Vaults:4 | 36850 ||| FLEEEEING.
 36851 | Vaults:4 | 36851 ||| FLEEEEING.
 36852 | Vaults:4 | 36852 ||| FLEEEEING.
 36853 | Vaults:4 | 36853 ||| FLEEEEING.
 36854 | Vaults:4 | 36854 ||| FLEEEEING.
 36855 | Vaults:4 | 36855 ||| FLEEEEING.
 36856 | Vaults:4 | 36856 ||| FLEEEEING.
 36857 | Vaults:4 | 36857 ||| FLEEEEING.
 36858 | Vaults:4 | 36858 ||| FLEEEEING.
 36859 | Vaults:4 | 36859 ||| FLEEEEING.
 36860 | Vaults:4 | 36860 ||| FLEEEEING.
 36861 | Vaults:4 | 36861 ||| FLEEEEING.
 36862 | Vaults:4 | 36862 ||| FLEEEEING.
 36863 | Vaults:4 | 36863 ||| FLEEEEING.
 36864 | Vaults:4 | 36864 ||| FLEEEEING.
 36865 | Vaults:4 | 36865 ||| FLEEEEING.
 36866 | Vaults:4 | 36866 ||| FLEEEEING.
 36867 | Vaults:4 | 36867 ||| FLEEEEING.
 36868 | Vaults:4 | 36868 ||| FLEEEEING.
 36869 | Vaults:4 | 36869 ||| FLEEEEING.
 36870 | Vaults:4 | 36870 ||| FLEEEEING.
 36871 | Vaults:4 | 36871 ||| FLEEEEING.
 36872 | Vaults:4 | 36872 ||| FLEEEEING.
 36873 | Vaults:4 | 36873 ||| FLEEEEING.
 36874 | Vaults:4 | 36874 ||| FLEEEEING.
 36875 | Vaults:4 | 36875 ||| FLEEEEING.
 36876 | Vaults:4 | 36876 ||| FLEEEEING.
 36877 | Vaults:4 | 36877 ||| FLEEEEING.
 36878 | Vaults:4 | 36878 ||| FLEEEEING.
 36879 | Vaults:4 | 36879 ||| FLEEEEING.
 36880 | Vaults:4 | 36880 ||| FLEEEEING.
 36881 | Vaults:4 | 36881 ||| FLEEEEING.
 36882 | Vaults:4 | 36882 ||| FLEEEEING.
 36883 | Vaults:4 | 36883 ||| FLEEEEING.
 36884 | Vaults:4 | 36884 ||| FLEEEEING.
 36885 | Vaults:4 | 36885 ||| FLEEEEING.
 36886 | Vaults:4 | 36886 ||| FLEEEEING.
 36887 | Vaults:4 | 36887 ||| FLEEEEING.
 36888 | Vaults:4 | 36888 ||| FLEEEEING.
 36889 | Vaults:4 | 36889 ||| FLEEEEING.
 36891 | Vaults:4 | 36891 ||| FLEEEEING.
 36892 | Vaults:4 | 36892 ||| FLEEEEING.
 36893 | Vaults:4 | 36893 ||| FLEEEEING.
 36894 | Vaults:4 | 36894 ||| FLEEEEING.
 36895 | Vaults:4 | 36895 ||| FLEEEEING.
 36896 | Vaults:4 | 36896 ||| FLEEEEING.
 36897 | Vaults:4 | 36897 ||| FLEEEEING.
 36898 | Vaults:4 | 36898 ||| FLEEEEING.
 36899 | Vaults:4 | 36899 ||| FLEEEEING.
 36900 | Vaults:4 | 36900 ||| FLEEEEING.
 36901 | Vaults:4 | 36901 ||| FLEEEEING.
 36902 | Vaults:4 | 36902 ||| FLEEEEING.
 36903 | Vaults:4 | 36903 ||| FLEEEEING.
 36904 | Vaults:4 | 36904 ||| FLEEEEING.
 36905 | Vaults:4 | 36905 ||| FLEEEEING.
 36906 | Vaults:4 | 36906 ||| FLEEEEING.
 36907 | Vaults:4 | 36907 ||| FLEEEEING.
 36908 | Vaults:4 | 36908 ||| FLEEEEING.
 36909 | Vaults:4 | 36909 ||| FLEEEEING.
 36910 | Vaults:4 | 36910 ||| FLEEEEING.
 36911 | Vaults:4 | 36911 ||| FLEEEEING.
 36912 | Vaults:4 | 36912 ||| FLEEEEING.
 36913 | Vaults:4 | 36913 ||| FLEEEEING.
 36914 | Vaults:4 | 36914 ||| FLEEEEING.
 36915 | Vaults:4 | 36915 ||| FLEEEEING.
 36916 | Vaults:4 | 36916 ||| FLEEEEING.
 36917 | Vaults:4 | 36917 ||| FLEEEEING.
 36921 | Vaults:4 | Reached XP level 21. HP: 147/147 MP: 28/28
 36941 | Vaults:4 | 36941 ||| Stepping ~*~*~tactically~*~*~ (hiding).
 36945 | Vaults:4 | 36945 ||| Stepping ~*~*~tactically~*~*~ (hiding).
 36949 | Vaults:4 | 36949 ||| Stepping ~*~*~tactically~*~*~ (hiding).
 36950 | Vaults:4 | 36950 ||| Stepping ~*~*~tactically~*~*~ (hiding).
 36956 | Vaults:4 | 36956 ||| Stepping ~*~*~tactically~*~*~ (hiding).
 36957 | Vaults:4 | 36957 ||| Stepping ~*~*~tactically~*~*~ (hiding).
 36961 | Vaults:4 | 36961 ||| Stepping ~*~*~tactically~*~*~ (hiding).
 36962 | Vaults:4 | 36962 ||| Stepping ~*~*~tactically~*~*~ (hiding).
 36995 | Vaults:4 | 36995 ||| Stepping ~*~*~tactically~*~*~ (stealth).
 37017 | Vaults:4 | 37017 ||| Stepping ~*~*~tactically~*~*~ (stealth).
 37034 | Vaults:4 | Reached skill level 21 in Fighting
 37072 | Vaults:4 | Reached skill level 18 in Shields
 37346 | Vaults:4 | Reached skill level 12 in Throwing
 37609 | Vaults:4 | 37609 ||| Stepping ~*~*~tactically~*~*~ (hiding).
 37611 | Vaults:4 | 37611 ||| Stepping ~*~*~tactically~*~*~ (hiding).
 37612 | Vaults:4 | 37612 ||| Stepping ~*~*~tactically~*~*~ (hiding).
 37613 | Vaults:4 | 37613 ||| Stepping ~*~*~tactically~*~*~ (hiding).
 37614 | Vaults:4 | 37614 ||| Stepping ~*~*~tactically~*~*~ (hiding).
 38027 | Vaults:4 | 38027 ||| PLANNING SNAKE:4
 38027 | Vaults:4 | 38027 ||| DROPPING ring of ice.
 38383 | Snake:4  | Entered Level 4 of the Snake Pit
 38436 | Snake:4  | Received a gift from Okawaru
 38508 | Snake:4  | 38508 ||| Stepping ~*~*~tactically~*~*~ (hiding).
 38515 | Snake:4  | Noticed Mlioglotl
 38552 | Snake:4  | Killed Mlioglotl
 38562 | Snake:4  | 38562 ||| Stepping ~*~*~tactically~*~*~ (stealth).
 38570 | Snake:4  | 38570 ||| Stepping ~*~*~tactically~*~*~ (stealth).
 38590 | Snake:4  | 38590 ||| Stepping ~*~*~tactically~*~*~ (hiding).
 38591 | Snake:4  | 38591 ||| Stepping ~*~*~tactically~*~*~ (hiding).
 38625 | Snake:4  | Identified the scarf of Tenacity {repulsion, Int+3 Dex+4}
 38721 | Snake:4  | 38721 ||| Stepping ~*~*~tactically~*~*~ (stealth).
 38723 | Snake:4  | 38723 ||| Stepping ~*~*~tactically~*~*~ (stealth).
 38725 | Snake:4  | Found Ofanisme's Armour Boutique.
 38726 | Snake:4  | 38726 ||| Stepping ~*~*~tactically~*~*~ (hiding).
 38745 | Snake:4  | 38745 ||| Stepping ~*~*~tactically~*~*~ (hiding).
 38859 | Snake:4  | 38859 ||| SHOPLISTING +0 gold dragon scales (880 gold, have
                  | 311).
 38905 | Snake:4  | Identified the +0 scale mail of Ynax {rElec rF+ Will-
                  | Str+2}
 38906 | Snake:4  | 38906 ||| Stepping ~*~*~tactically~*~*~ (stealth).
 38911 | Snake:4  | 38911 ||| Stepping ~*~*~tactically~*~*~ (hiding).
 38945 | Snake:4  | Noticed Donald
 38954 | Snake:4  | Killed Donald
 38972 | Snake:4  | Found Guroen's Antique Armour Boutique.
 38974 | Snake:4  | Found Qinn's Armour Shop.
 38978 | Snake:4  | 38978 ||| Stepping ~*~*~tactically~*~*~ (stealth).
 38979 | Snake:4  | Found Bucew's Antique Weapon Boutique.
 39010 | Snake:4  | 39010 ||| SHOPLISTING shiny plate armour (572 gold, have
                  | 342).
 39263 | Snake:4  | Reached skill level 22 in Fighting
 39279 | Snake:4  | 39279 ||| Stepping ~*~*~tactically~*~*~ (hiding).
 39286 | Snake:4  | 39286 ||| Stepping ~*~*~tactically~*~*~ (hiding).
 39312 | Snake:4  | 39312 ||| Stepping ~*~*~tactically~*~*~ (hiding).
 39314 | Snake:4  | 39314 ||| Stepping ~*~*~tactically~*~*~ (hiding).
 39435 | Snake:4  | Got a serpentine rune of Zot
 39533 | Snake:4  | 39533 ||| PLANNING DEPTHS
 39533 | Snake:4  | 39533 ||| DROPPING +1 pair of boots of stealth.
 39534 | Snake:4  | 39534 ||| UPGRADING to +2 tower shield of protection.
 39544 | Snake:4  | 39544 ||| DROPPING +2 kite shield.
 39545 | Snake:4  | 39545 ||| UPGRADING to scarf of Tenacity {repulsion, Int+3
                  | Dex+4}.
 39800 | Depths:1 | Entered Level 1 of the Depths
 39829 | Depths:1 | 39829 ||| INVOKING Heroism.
 39830 | Depths:1 | 39830 ||| INVOKING Finesse.
 39871 | Depths:1 | Reached XP level 22. HP: 156/156 MP: 25/29
 39916 | Depths:1 | 39916 ||| FLEEEEING.
 39996 | Depths:1 | 39996 ||| Stepping ~*~*~tactically~*~*~ (cloud).
 40087 | Depths:1 | Found a gateway to Hell.
 40117 | Depths:1 | 40117 ||| INVOKING Heroism.
 40147 | Depths:1 | 40147 ||| FLEEEEING.
 40578 | Depths:1 | 40578 ||| Stepping ~*~*~tactically~*~*~ (stealth).
 40580 | Depths:1 | 40580 ||| Stepping ~*~*~tactically~*~*~ (stealth).
 40603 | Depths:1 | Identified the +1 robe of the Constellations {Rampage rF+
                  | Int-2}
 40684 | Depths:1 | Found a one-way gate leading to the halls of Pandemonium.
 41073 | Depths:2 | 41073 ||| INVOKING Heroism.
 41081 | Depths:2 | Received a gift from Okawaru
 41170 | Depths:2 | 41170 ||| Stepping ~*~*~tactically~*~*~ (stealth).
 41173 | Depths:2 | 41173 ||| INVOKING Heroism.
 41174 | Depths:2 | 41174 ||| Stepping ~*~*~tactically~*~*~ (hiding).
 41175 | Depths:2 | 41175 ||| Stepping ~*~*~tactically~*~*~ (hiding).
 41176 | Depths:2 | 41176 ||| Stepping ~*~*~tactically~*~*~ (hiding).
 41177 | Depths:2 | 41177 ||| Stepping ~*~*~tactically~*~*~ (hiding).
 41178 | Depths:2 | 41178 ||| Stepping ~*~*~tactically~*~*~ (hiding).
 41179 | Depths:2 | 41179 ||| Stepping ~*~*~tactically~*~*~ (hiding).
 41200 | Depths:2 | 41200 ||| Stepping ~*~*~tactically~*~*~ (hiding).
 41202 | Depths:2 | 41202 ||| Stepping ~*~*~tactically~*~*~ (hiding).
 41203 | Depths:2 | 41203 ||| Stepping ~*~*~tactically~*~*~ (hiding).
 41205 | Depths:2 | 41205 ||| Stepping ~*~*~tactically~*~*~ (hiding).
 41206 | Depths:2 | 41206 ||| Stepping ~*~*~tactically~*~*~ (hiding).
 41207 | Depths:2 | 41207 ||| Stepping ~*~*~tactically~*~*~ (hiding).
 41208 | Depths:2 | 41208 ||| Stepping ~*~*~tactically~*~*~ (stealth).
 41225 | Depths:2 | 41225 ||| FLEEEEING.
 41226 | Depths:2 | 41226 ||| FLEEEEING.
 41227 | Depths:2 | 41227 ||| FLEEEEING.
 41229 | Depths:2 | 41229 ||| FLEEEEING.
 41234 | Depths:2 | 41234 ||| FLEEEEING.
 41236 | Depths:2 | 41236 ||| FLEEEEING.
 41244 | Depths:2 | 41244 ||| STAIRDANCE
 41298 | Depths:2 | 41298 ||| Stepping ~*~*~tactically~*~*~ (hiding).
 41312 | Depths:2 | 41312 ||| Stepping ~*~*~tactically~*~*~ (hiding).
 41313 | Depths:2 | 41313 ||| Stepping ~*~*~tactically~*~*~ (hiding).
 41315 | Depths:2 | 41315 ||| Stepping ~*~*~tactically~*~*~ (hiding).
 41316 | Depths:2 | 41316 ||| INVOKING Heroism.
 41317 | Depths:2 | 41317 ||| INVOKING Finesse.
 41338 | Depths:2 | 41338 ||| Stepping ~*~*~tactically~*~*~ (hiding).
 41349 | Depths:2 | Received a gift from Okawaru
 41357 | Depths:2 | 41357 ||| Stepping ~*~*~tactically~*~*~ (hiding).
 41376 | Depths:2 | Noticed a juggernaut
 41377 | Depths:2 | 41377 ||| Stepping ~*~*~tactically~*~*~ (stealth).
 41378 | Depths:2 | 41378 ||| Stepping ~*~*~tactically~*~*~ (stealth).
 41423 | Depths:2 | 41423 ||| Stepping ~*~*~tactically~*~*~ (stealth).
 41425 | Depths:2 | 41425 ||| INVOKING Heroism.
 41426 | Depths:2 | 41426 ||| INVOKING Finesse.
 41450 | Depths:2 | Killed a juggernaut
 41479 | Depths:2 | 41479 ||| Stepping ~*~*~tactically~*~*~ (hiding).
 41480 | Depths:2 | 41480 ||| Stepping ~*~*~tactically~*~*~ (hiding).
 41491 | Depths:2 | Received a gift from Okawaru
 41500 | Depths:2 | Identified the +3 buckler of the Wumpus {rF+ rC+}
 41503 | Depths:2 | 41503 ||| INVOKING Heroism.
 41517 | Depths:2 | 41517 ||| Stepping ~*~*~tactically~*~*~ (stealth).
 41525 | Depths:2 | 41525 ||| Stepping ~*~*~tactically~*~*~ (hiding).
 41527 | Depths:2 | 41527 ||| Stepping ~*~*~tactically~*~*~ (hiding).
 41527 | Depths:2 | Identified the +7 dagger of the Feral God {freeze, rPois
                  | rCorr}
 41528 | Depths:2 | 41528 ||| Stepping ~*~*~tactically~*~*~ (hiding).
 41529 | Depths:2 | 41529 ||| Stepping ~*~*~tactically~*~*~ (hiding).
 41532 | Depths:2 | 41532 ||| INVOKING Finesse.
 41580 | Depths:2 | 41580 ||| Stepping ~*~*~tactically~*~*~ (stealth).
 41630 | Depths:2 | 41630 ||| Stepping ~*~*~tactically~*~*~ (stealth).
 41632 | Depths:2 | 41632 ||| Stepping ~*~*~tactically~*~*~ (hiding).
 41633 | Depths:2 | 41633 ||| Stepping ~*~*~tactically~*~*~ (hiding).
 41656 | Depths:2 | 41656 ||| Stepping ~*~*~tactically~*~*~ (stealth).
 41716 | Depths:2 | 41716 ||| Stepping ~*~*~tactically~*~*~ (stealth).
 41719 | Depths:2 | 41719 ||| INVOKING Heroism.
 41720 | Depths:2 | 41720 ||| INVOKING Finesse.
 41804 | Depths:2 | 41804 ||| Stepping ~*~*~tactically~*~*~ (hiding).
 41805 | Depths:2 | 41805 ||| Stepping ~*~*~tactically~*~*~ (hiding).
 41806 | Depths:2 | 41806 ||| Stepping ~*~*~tactically~*~*~ (hiding).
 41807 | Depths:2 | 41807 ||| Stepping ~*~*~tactically~*~*~ (hiding).
 41862 | Depths:2 | 41862 ||| Stepping ~*~*~tactically~*~*~ (hiding).
 41865 | Depths:2 | 41865 ||| INVOKING Heroism.
 42279 | Depths:2 | 42279 ||| INVOKING Heroism.
 42353 | Depths:3 | 42353 ||| INVOKING Heroism.
 42356 | Depths:3 | 42356 ||| Stepping ~*~*~tactically~*~*~ (hiding).
 42360 | Depths:3 | 42360 ||| Stepping ~*~*~tactically~*~*~ (hiding).
 42361 | Depths:3 | 42361 ||| Stepping ~*~*~tactically~*~*~ (hiding).
 42410 | Depths:3 | Found a runed translucent door.
 42419 | Depths:3 | 42419 ||| INVOKING Heroism.
 42426 | Depths:3 | 42426 ||| Stepping ~*~*~tactically~*~*~ (hiding).
 42460 | Depths:3 | 42460 ||| INVOKING Heroism.
 42490 | Depths:3 | Identified the ring of the Solstice {Ice rN+ Str+6 Int+2}
 42498 | Depths:3 | Received a gift from Okawaru
 42510 | Depths:3 | Noticed a caustic shrike
 42513 | Depths:3 | 42513 ||| INVOKING Heroism.
 42549 | Depths:3 | Killed a caustic shrike
 42641 | Depths:3 | 42641 ||| Stepping ~*~*~tactically~*~*~ (hiding).
 42648 | Depths:3 | 42648 ||| INVOKING Heroism.
 42758 | Depths:3 | 42758 ||| Stepping ~*~*~tactically~*~*~ (hiding).
 42786 | Depths:3 | 42786 ||| INVOKING Heroism.
 42800 | Depths:3 | 42800 ||| Stepping ~*~*~tactically~*~*~ (cloud).
 42887 | Depths:3 | 42887 ||| INVOKING Heroism.
 42895 | Depths:3 | 42895 ||| Stepping ~*~*~tactically~*~*~ (cloud).
 42995 | Depths:3 | 42995 ||| Stepping ~*~*~tactically~*~*~ (hiding).
 42997 | Depths:3 | 42997 ||| Stepping ~*~*~tactically~*~*~ (hiding).
 43014 | Depths:3 | Reached skill level 21 in Shields
 43100 | Depths:3 | 43100 ||| INVOKING Heroism.
 43108 | Depths:3 | Received a gift from Okawaru
 43119 | Depths:3 | 43119 ||| Stepping ~*~*~tactically~*~*~ (cloud).
 43371 | Depths:3 | 43371 ||| INVOKING Heroism.
 43469 | Depths:3 | Reached XP level 23. HP: 162/162 MP: 30/30
 43475 | Depths:3 | 43475 ||| Stepping ~*~*~tactically~*~*~ (hiding).
 43476 | Depths:3 | 43476 ||| Stepping ~*~*~tactically~*~*~ (hiding).
 43739 | Depths:3 | 43739 ||| DROPPING ring of wizardry.
 43770 | Depths:4 | Entered Level 4 of the Depths
 43770 | Depths:4 | Found a one-way gateway to a ziggurat.
 43774 | Depths:4 | 43774 ||| INVOKING Heroism.
 43786 | Depths:4 | Reached skill level 9 in Dodging
 43816 | Depths:4 | Received a gift from Okawaru
 43822 | Depths:4 | 43822 ||| INVOKING Heroism.
 43849 | Depths:4 | 43849 ||| Stepping ~*~*~tactically~*~*~ (hiding).
 43851 | Depths:4 | 43851 ||| Stepping ~*~*~tactically~*~*~ (hiding).
 43853 | Depths:4 | 43853 ||| Stepping ~*~*~tactically~*~*~ (hiding).
 43873 | Depths:4 | 43873 ||| Stepping ~*~*~tactically~*~*~ (stealth).
 43875 | Depths:4 | 43875 ||| Stepping ~*~*~tactically~*~*~ (stealth).
 43876 | Depths:4 | 43876 ||| Stepping ~*~*~tactically~*~*~ (stealth).
 43877 | Depths:4 | 43877 ||| Stepping ~*~*~tactically~*~*~ (stealth).
 43878 | Depths:4 | 43878 ||| Stepping ~*~*~tactically~*~*~ (stealth).
 43894 | Depths:4 | 43894 ||| Stepping ~*~*~tactically~*~*~ (stealth).
 43951 | Depths:4 | 43951 ||| Stepping ~*~*~tactically~*~*~ (hiding).
 43953 | Depths:4 | 43953 ||| INVOKING Heroism.
 44233 | Depths:4 | 44233 ||| Stepping ~*~*~tactically~*~*~ (hiding).
 44234 | Depths:4 | 44234 ||| Stepping ~*~*~tactically~*~*~ (hiding).
 44260 | Depths:4 | 44260 ||| FLEEEEING.
 44261 | Depths:4 | 44261 ||| FLEEEEING.
 44262 | Depths:4 | 44262 ||| FLEEEEING.
 44263 | Depths:4 | 44263 ||| FLEEEEING.
 44264 | Depths:4 | 44264 ||| FLEEEEING.
 44265 | Depths:4 | 44265 ||| FLEEEEING.
 44266 | Depths:4 | 44266 ||| FLEEEEING.
 44267 | Depths:4 | 44267 ||| FLEEEEING.
 44268 | Depths:4 | 44268 ||| FLEEEEING.
 44269 | Depths:4 | 44269 ||| FLEEEEING.
 44270 | Depths:4 | 44270 ||| FLEEEEING.
 44271 | Depths:4 | 44271 ||| FLEEEEING.
 44272 | Depths:4 | 44272 ||| STAIRDANCE
 44394 | Depths:4 | 44394 ||| Stepping ~*~*~tactically~*~*~ (stealth).
 44396 | Depths:4 | 44396 ||| Stepping ~*~*~tactically~*~*~ (hiding).
 44411 | Depths:4 | 44411 ||| Stepping ~*~*~tactically~*~*~ (stealth).
 44436 | Depths:4 | 44436 ||| Stepping ~*~*~tactically~*~*~ (hiding).
 44476 | Depths:4 | 44476 ||| INVOKING Heroism.
 44627 | Depths:4 | 44627 ||| Stepping ~*~*~tactically~*~*~ (hiding).
 44665 | Depths:4 | 44665 ||| INVOKING Heroism.
 44674 | Depths:4 | Received a gift from Okawaru
 44698 | Depths:4 | 44698 ||| Stepping ~*~*~tactically~*~*~ (stealth).
 44704 | Depths:4 | 44704 ||| Stepping ~*~*~tactically~*~*~ (stealth).
 44764 | Depths:4 | Found a gate to the Realm of Zot.
 44765 | Depths:4 | 44765 ||| INVOKING Heroism.
 44856 | Depths:4 | 44856 ||| Stepping ~*~*~tactically~*~*~ (hiding).
 44871 | Depths:4 | 44871 ||| Stepping ~*~*~tactically~*~*~ (hiding).
 44926 | Depths:4 | 44926 ||| INVOKING Heroism.
 45087 | Depths:4 | 45087 ||| PLANNING VAULTS:5
 45373 | Vaults:5 | Entered Level 5 of the Vaults
 45381 | Vaults:5 | 45381 ||| STAIRDANCE
 45408 | Vaults:5 | 45408 ||| STAIRDANCE
 45458 | Vaults:5 | 45458 ||| STAIRDANCE
 45483 | Vaults:5 | 45483 ||| STAIRDANCE
 45511 | Vaults:4 | 45511 ||| DROPPING +0 ice dragon scales.
 45521 | Vaults:5 | Received a gift from Okawaru
 45527 | Vaults:5 | 45527 ||| STAIRDANCE
 45619 | Vaults:5 | Noticed Saint Roka
 45632 | Vaults:5 | Identified the amulet "Biowofo" {Faith +Blink rF- Str+3
                  | Int+3}
 45639 | Vaults:5 | 45639 ||| INVOKING Heroism.
 45640 | Vaults:5 | Killed Saint Roka
 45640 | Vaults:5 | Received a gift from Okawaru
 45658 | Vaults:5 | Reached skill level 23 in Fighting
 45668 | Vaults:5 | 45668 ||| DROPPING +0 broad axe of freezing.
 45672 | Vaults:5 | 45672 ||| INVOKING Finesse.
 45674 | Vaults:5 | 45674 ||| INVOKING Heroism.
 45696 | Vaults:5 | 45696 ||| Stepping ~*~*~tactically~*~*~ (hiding).
 45699 | Vaults:5 | 45699 ||| Stepping ~*~*~tactically~*~*~ (hiding).
 45716 | Vaults:5 | 45716 ||| Stepping ~*~*~tactically~*~*~ (hiding).
 45719 | Vaults:5 | 45719 ||| Stepping ~*~*~tactically~*~*~ (hiding).
 45724 | Vaults:5 | Noticed an ancient lich
 45725 | Vaults:5 | 45725 ||| INVOKING Heroism.
 45741 | Vaults:5 | 45741 ||| Stepping ~*~*~tactically~*~*~ (stealth).
 45742 | Vaults:5 | 45742 ||| Stepping ~*~*~tactically~*~*~ (hiding).
 45743 | Vaults:5 | 45743 ||| Stepping ~*~*~tactically~*~*~ (hiding).
 45744 | Vaults:5 | 45744 ||| Stepping ~*~*~tactically~*~*~ (hiding).
 45745 | Vaults:5 | 45745 ||| Stepping ~*~*~tactically~*~*~ (hiding).
 45746 | Vaults:5 | 45746 ||| Stepping ~*~*~tactically~*~*~ (hiding).
 45747 | Vaults:5 | 45747 ||| Stepping ~*~*~tactically~*~*~ (hiding).
 45748 | Vaults:5 | 45748 ||| Stepping ~*~*~tactically~*~*~ (hiding).
 45755 | Vaults:5 | Killed an ancient lich
 45809 | Vaults:5 | 45809 ||| INVOKING Heroism.
 45841 | Vaults:5 | Identified the +5 spear "Oggawu" {holy, *Rage rF+++ rCorr
                  | Str+3}
 45865 | Vaults:5 | Identified the +9 flail of the Crypt {flame, rPois}
 45902 | Vaults:5 | 45902 ||| Stepping ~*~*~tactically~*~*~ (hiding).
 45905 | Vaults:5 | 45905 ||| INVOKING Heroism.
 45929 | Vaults:5 | Gained mutation: Your body sometimes deteriorates upon
                  | taking damage. [a cacodemon]
 45969 | Vaults:5 | 45969 ||| Stepping ~*~*~tactically~*~*~ (hiding).
 45972 | Vaults:5 | 45972 ||| Stepping ~*~*~tactically~*~*~ (hiding).
 45973 | Vaults:5 | 45973 ||| Stepping ~*~*~tactically~*~*~ (hiding).
 45992 | Vaults:5 | Reached XP level 24. HP: 171/171 MP: 30/30
 46020 | Vaults:5 | 46020 ||| Stepping ~*~*~tactically~*~*~ (hiding).
 46047 | Vaults:5 | 46047 ||| INVOKING Heroism.
 46060 | Vaults:5 | Received a gift from Okawaru
 46070 | Vaults:5 | 46070 ||| INVOKING Heroism.
 46082 | Vaults:5 | Reached skill level 21 in Armour
 46084 | Vaults:5 | Identified the +3 shortbow of Dim Light {antimagic, rElec
                  | rF++ Will- rCorr}
 46110 | Vaults:5 | 46110 ||| INVOKING Heroism.
 46139 | Vaults:5 | Received a gift from Okawaru
 46175 | Vaults:5 | 46175 ||| INVOKING Heroism.
 46316 | Vaults:5 | 46316 ||| SWAPPING to +0 vampiric broad axe.
 46317 | Vaults:5 | 46317 ||| DROPPING +3 vampiric war axe.
 46515 | Vaults:5 | Noticed an ancient lich
 46516 | Vaults:5 | 46516 ||| INVOKING Heroism.
 46520 | Vaults:5 | Killed an ancient lich
 46620 | Vaults:5 | 46620 ||| Stepping ~*~*~tactically~*~*~ (hiding).
 46887 | Vaults:5 | 46887 ||| Stepping ~*~*~tactically~*~*~ (hiding).
 46889 | Vaults:5 | 46889 ||| Stepping ~*~*~tactically~*~*~ (hiding).
 46921 | Vaults:5 | Got a silver rune of Zot
 47017 | Vaults:5 | 47017 ||| PLANNING SHOPPING SPREE
 47017 | Vaults:5 | 47017 ||| DROPPING +2 cloak of preservation.
 47018 | Vaults:5 | 47018 ||| DROPPING ring of fire.
 47383 | Orc:2    | 47383 ||| BUYING potion of curing (33 gold).
 47383 | Orc:2    | Bought a potion of curing for 33 gold pieces
 47383 | Orc:2    | 47383 ||| BUYING potion of curing (33 gold).
 47383 | Orc:2    | Bought a potion of curing for 33 gold pieces
 47383 | Orc:2    | 47383 ||| BUYING potion of haste (110 gold).
 47383 | Orc:2    | Bought a potion of haste for 110 gold pieces
 47383 | Orc:2    | 47383 ||| BUYING potion of heal wounds (55 gold).
 47383 | Orc:2    | Bought a potion of heal wounds for 55 gold pieces
 47383 | Orc:2    | 47383 ||| BUYING potion of resistance (110 gold).
 47383 | Orc:2    | Bought a potion of resistance for 110 gold pieces
 47589 | Shoals:3 | 47589 ||| BUYING +1 hat (132 gold).
 47589 | Shoals:3 | Bought a +1 hat for 132 gold pieces
 47589 | Shoals:3 | 47589 ||| UPGRADING to +1 hat.
 47641 | Shoals:3 | 47641 ||| BUYING potion of magic (152 gold).
 47641 | Shoals:3 | Bought a potion of magic for 152 gold pieces
 47829 | Orc:2    | 47829 ||| BUYING potion of haste (280 gold).
 47829 | Orc:2    | Bought a potion of haste for 280 gold pieces
 48008 | Shoals:3 | 48008 ||| BUYING scroll of teleportation (300 gold).
 48008 | Shoals:3 | Bought a scroll of teleportation for 300 gold pieces
 48013 | Shoals:3 | 48013 ||| BUYING +5 ring of evasion (684 gold).
 48013 | Shoals:3 | Bought a +5 ring of evasion for 684 gold pieces
 48013 | Shoals:3 | 48013 ||| UPGRADING to +5 ring of evasion.
 48015 | Shoals:3 | 48015 ||| DROPPING +4 ring of slaying {mikee}.
 48016 | Shoals:3 | 48016 ||| CLEARING SHOPPING LIST
 48016 | Shoals:3 | 48016 ||| PLANNING ZOT:1-4
 48016 | Shoals:3 | 48016 ||| PLANNING ZOT:1-4
 48016 | Shoals:3 | 48016 ||| UPGRADING to scarf of resistance.
 48289 | Zot:1    | Entered Level 1 of the Realm of Zot
 48427 | Zot:1    | 48427 ||| INVOKING Heroism.
 48441 | Zot:1    | 48441 ||| Stepping ~*~*~tactically~*~*~ (hiding).
 48447 | Zot:1    | 48447 ||| Stepping ~*~*~tactically~*~*~ (hiding).
 48570 | Zot:1    | 48570 ||| Stepping ~*~*~tactically~*~*~ (stealth).
 48571 | Zot:1    | 48571 ||| Stepping ~*~*~tactically~*~*~ (stealth).
 48572 | Zot:1    | 48572 ||| Stepping ~*~*~tactically~*~*~ (stealth).
 48596 | Zot:1    | 48596 ||| INVOKING Heroism.
 48606 | Zot:1    | Received a gift from Okawaru
 48744 | Zot:1    | 48744 ||| Stepping ~*~*~tactically~*~*~ (stealth).
 48749 | Zot:1    | 48749 ||| Stepping ~*~*~tactically~*~*~ (stealth).
 48799 | Zot:1    | 48799 ||| Stepping ~*~*~tactically~*~*~ (stealth).
 48801 | Zot:1    | 48801 ||| Stepping ~*~*~tactically~*~*~ (hiding).
 48880 | Zot:1    | 48880 ||| INVOKING Heroism.
 48937 | Zot:1    | Received a gift from Okawaru
 48973 | Zot:1    | 48973 ||| READING scroll of enchant weapon.
 48973 | Zot:1    | 48973 ||| ENCHANTING +0 vampiric broad axe.
 49108 | Zot:1    | 49108 ||| INVOKING Heroism.
 49464 | Zot:1    | 49464 ||| UPGRADING to +0 gold dragon scales.
 49474 | Zot:1    | 49474 ||| DROPPING +2 plate armour of cold resistance.
 49475 | Zot:1    | 49475 ||| DROPPING +2 plate armour of fire resistance.
 49476 | Zot:1    | 49476 ||| UPGRADING to scarf of Tenacity {repulsion, Int+3
                  | Dex+4}.
 49503 | Zot:2    | 49503 ||| Stepping ~*~*~tactically~*~*~ (hiding).
 49504 | Zot:2    | 49504 ||| Stepping ~*~*~tactically~*~*~ (hiding).
 49505 | Zot:2    | 49505 ||| Stepping ~*~*~tactically~*~*~ (hiding).
 49534 | Zot:2    | 49534 ||| DRINKING 2 potions of cancellation.
 49592 | Zot:2    | 49592 ||| Stepping ~*~*~tactically~*~*~ (stealth).
 49593 | Zot:2    | 49593 ||| INVOKING Heroism.
 49610 | Zot:2    | Received a gift from Okawaru
 49625 | Zot:2    | 49625 ||| INVOKING Heroism.
 49691 | Zot:2    | Noticed a curse toe
 49692 | Zot:2    | 49692 ||| INVOKING Heroism.
 49713 | Zot:2    | Killed a curse toe
 49953 | Zot:2    | 49953 ||| Stepping ~*~*~tactically~*~*~ (stealth).
 49955 | Zot:2    | 49955 ||| Stepping ~*~*~tactically~*~*~ (stealth).
 49957 | Zot:2    | 49957 ||| Stepping ~*~*~tactically~*~*~ (hiding).
 49997 | Zot:2    | Received a gift from Okawaru
 50127 | Zot:2    | Reached skill level 18 in Axes
 50157 | Zot:2    | 50157 ||| Stepping ~*~*~tactically~*~*~ (stealth).
 50324 | Zot:3    | 50324 ||| INVOKING Heroism.
 50405 | Zot:3    | 50405 ||| Stepping ~*~*~tactically~*~*~ (hiding).
 50456 | Zot:3    | 50456 ||| Stepping ~*~*~tactically~*~*~ (hiding).
 50469 | Zot:3    | 50469 ||| INVOKING Heroism.
 50544 | Zot:3    | 50544 ||| FLEEEEING.
 50545 | Zot:3    | 50545 ||| FLEEEEING.
 50546 | Zot:3    | 50546 ||| FLEEEEING.
 50547 | Zot:3    | 50547 ||| FLEEEEING.
 50554 | Zot:3    | 50554 ||| FLEEEEING.
 50558 | Zot:3    | 50558 ||| FLEEEEING.
 50595 | Zot:3    | 50595 ||| Stepping ~*~*~tactically~*~*~ (hiding).
 50634 | Zot:3    | 50634 ||| INVOKING Heroism.
 50665 | Zot:3    | Reached XP level 25. HP: 127/178 MP: 30/30
 50737 | Zot:3    | Identified the +0 robe of Disappointment {rN+++ MP-9 Str+4
                  | Stlth-}
 50899 | Zot:3    | 50899 ||| Stepping ~*~*~tactically~*~*~ (hiding).
 50900 | Zot:3    | 50900 ||| Stepping ~*~*~tactically~*~*~ (hiding).
 50901 | Zot:3    | 50901 ||| INVOKING Heroism.
 51497 | Zot:4    | 51497 ||| INVOKING Heroism.
 51506 | Zot:4    | Reached skill level 24 in Fighting
 51518 | Zot:4    | 51518 ||| Stepping ~*~*~tactically~*~*~ (stealth).
 51520 | Zot:4    | 51520 ||| Stepping ~*~*~tactically~*~*~ (hiding).
 51521 | Zot:4    | 51521 ||| Stepping ~*~*~tactically~*~*~ (hiding).
 51523 | Zot:4    | 51523 ||| Stepping ~*~*~tactically~*~*~ (hiding).
 51524 | Zot:4    | 51524 ||| Stepping ~*~*~tactically~*~*~ (hiding).
 51566 | Zot:4    | Identified the +3 ring mail of Generosity {*Slow rC+++
                  | Will+ SInv}
 51640 | Zot:4    | 51640 ||| Stepping ~*~*~tactically~*~*~ (hiding).
 51642 | Zot:4    | 51642 ||| Stepping ~*~*~tactically~*~*~ (hiding).
 51643 | Zot:4    | 51643 ||| INVOKING Heroism.
 51735 | Zot:4    | 51735 ||| Stepping ~*~*~tactically~*~*~ (hiding).
 51739 | Zot:4    | 51739 ||| INVOKING Heroism.
 51820 | Zot:4    | 51820 ||| INVOKING Heroism.
 51860 | Zot:4    | 51860 ||| Stepping ~*~*~tactically~*~*~ (hiding).
 51870 | Zot:4    | 51870 ||| INVOKING Heroism.
 51939 | Zot:4    | 51939 ||| Stepping ~*~*~tactically~*~*~ (hiding).
 51944 | Zot:4    | 51944 ||| INVOKING Heroism.
 52135 | Zot:4    | 52135 ||| INVOKING Heroism.
 52250 | Zot:4    | 52250 ||| PLANNING SLIME:5
 52250 | Zot:4    | 52250 ||| UPGRADING to +7 plate armour.
 52260 | Zot:4    | 52260 ||| UPGRADING to +5 scale mail of Resilience {Rampage
                  | rCorr Int+4}.
 52270 | Zot:4    | 52270 ||| UPGRADING to ring of the Solstice {Ice rN+ Str+6
                  | Int+2}.
 52272 | Zot:4    | 52272 ||| UPGRADING to +5 ring of evasion.
 52568 | Slime:1  | Entered Level 1 of the Pits of Slime
 52577 | Slime:1  | 52577 ||| INVOKING Heroism.
 52593 | Slime:1  | Gained mutation: You are dopey. (Int -2) [a shining eye]
 52595 | Slime:1  | Gained mutation: You are very dopey. (Int -4) [a shining
                  | eye]
 52598 | Slime:1  | Gained mutation: You are vulnerable to cold. (rC-) [a
                  | shining eye]
 52610 | Slime:2  | 52610 ||| STAIRDANCE
 52616 | Slime:2  | 52616 ||| STAIRDANCE
 52631 | Slime:2  | 52631 ||| STAIRDANCE
 52638 | Slime:2  | 52638 ||| STAIRDANCE
 52650 | Slime:2  | 52650 ||| STAIRDANCE
 52678 | Slime:3  | 52678 ||| INVOKING Heroism.
 52746 | Slime:3  | 52746 ||| DROPPING 3 boomerangs of dispersal.
 52747 | Slime:3  | 52747 ||| DROPPING 33 boomerangs.
 52748 | Slime:3  | 52748 ||| DROPPING silver boomerang.
 52787 | Slime:5  | Entered Level 5 of the Pits of Slime
 52788 | Slime:5  | 52788 ||| STAIRDANCE
 52794 | Slime:5  | 52794 ||| STAIRDANCE
 52823 | Slime:5  | 52823 ||| STAIRDANCE
 52834 | Slime:5  | 52834 ||| STAIRDANCE
 52991 | Slime:5  | Noticed the Royal Jelly
 52992 | Slime:5  | 52992 ||| INVOKING Heroism.
 53033 | Slime:5  | 53033 ||| DRINKING potion of cancellation.
 53034 | Slime:5  | 53034 ||| INVOKING Heroism.
 53036 | Slime:5  | Killed the Royal Jelly
 53268 | Slime:5  | Identified the +2 short sword of Roisafu {freeze, rPois
                  | Will+ SInv}
 53284 | Slime:5  | Got a slimy rune of Zot
 53296 | Slime:5  | 53296 ||| READING scroll of enchant weapon.
 53296 | Slime:5  | 53296 ||| ENCHANTING +1 vampiric broad axe.
 53297 | Slime:5  | 53297 ||| DROPPING +2 heavy broad axe.
 53314 | Slime:5  | Identified the staff of poison "Vapnedad" {rPois Str-5
                  | Dex+4}
 53324 | Slime:5  | Identified the +6 shortbow "Imatu" {freeze, rF++ Int+3}
 53358 | Slime:5  | Received a gift from Okawaru
 53395 | Slime:5  | 53395 ||| INVOKING Heroism.
 53741 | Slime:5  | 53741 ||| PLANNING THE SHINING ONE WORSHIP
 53741 | Slime:5  | 53741 ||| DROPPING +0 pair of gloves of stealth.
 53742 | Slime:5  | 53742 ||| UPGRADING to +7 plate armour.
 53752 | Slime:5  | 53752 ||| DROPPING +5 scale mail of Resilience {Rampage
                  | rCorr Int+4}.
 53753 | Slime:5  | 53753 ||| DROPPING ring of resist corrosion.
 53754 | Slime:5  | 53754 ||| UPGRADING to +4 ring of protection.
 53756 | Slime:5  | 53756 ||| DRINKING 7 potions of mutation.
 53756 | Slime:5  | Lost mutation: You are vulnerable to cold. (rC-) [potion of
                  | mutation]
 53756 | Slime:5  | Lost mutation: You are very dopey. (Int -4) [potion of
                  | mutation]
 53756 | Slime:5  | Lost mutation: You are strong-willed. (Will+) [potion of
                  | mutation]
 53756 | Slime:5  | Lost mutation: You have a pair of small antennae on your
                  | head. [potion of mutation]
 53756 | Slime:5  | Gained mutation: You are weak. (Str -2) [potion of
                  | mutation]
 53756 | Slime:5  | Gained mutation: You are somewhat resistant to further
                  | mutation. [potion of mutation]
 54035 | Temple   | Fell from the grace of Okawaru
 54035 | Temple   | Became a worshipper of the Shining One
 54035 | Temple   | 54035 ||| PLANNING CRYPT
 54374 | Crypt:1  | Entered Level 1 of the Crypt
 54375 | Crypt:1  | 54375 ||| SWAPPING to +0 war axe.
 54472 | Crypt:1  | 54472 ||| READING 4 scrolls of brand weapon.
 54472 | Crypt:1  | 54472 ||| BRANDING +0 war axe.
 54473 | Crypt:1  | 54473 ||| READING 3 scrolls of brand weapon.
 54473 | Crypt:1  | 54473 ||| BRANDING +0 war axe of electrocution.
 54474 | Crypt:1  | 54474 ||| READING 2 scrolls of brand weapon.
 54474 | Crypt:1  | 54474 ||| BRANDING +0 war axe of venom.
 54475 | Crypt:1  | 54475 ||| READING scroll of brand weapon.
 54475 | Crypt:1  | 54475 ||| BRANDING +0 war axe of protection.
 54514 | Crypt:1  | Reached * piety under the Shining One
 54612 | Crypt:1  | 54612 ||| Stepping ~*~*~tactically~*~*~ (stealth).
 54619 | Crypt:1  | 54619 ||| Stepping ~*~*~tactically~*~*~ (stealth).
 54621 | Crypt:1  | 54621 ||| Stepping ~*~*~tactically~*~*~ (stealth).
 54719 | Crypt:1  | 54719 ||| Stepping ~*~*~tactically~*~*~ (stealth).
 54720 | Crypt:1  | 54720 ||| Stepping ~*~*~tactically~*~*~ (stealth).
 54721 | Crypt:1  | 54721 ||| Stepping ~*~*~tactically~*~*~ (stealth).
 54722 | Crypt:1  | 54722 ||| Stepping ~*~*~tactically~*~*~ (stealth).
 54811 | Crypt:1  | Reached ** piety under the Shining One
 55141 | Crypt:1  | 55141 ||| Stepping ~*~*~tactically~*~*~ (hiding).
 55414 | Crypt:1  | 55414 ||| DROPPING +3 ring mail of Generosity {*Slow rC+++
                  | Will+ SInv}.
 55486 | Crypt:2  | Reached *** piety under the Shining One
 55538 | Crypt:2  | 55538 ||| Stepping ~*~*~tactically~*~*~ (hiding).
 55655 | Crypt:2  | 55655 ||| Stepping ~*~*~tactically~*~*~ (stealth).
 55656 | Crypt:2  | 55656 ||| Stepping ~*~*~tactically~*~*~ (stealth).
 55747 | Crypt:2  | 55747 ||| Stepping ~*~*~tactically~*~*~ (stealth).
 55904 | Crypt:2  | 55904 ||| Stepping ~*~*~tactically~*~*~ (stealth).
 55905 | Crypt:2  | 55905 ||| SWAPPING to +3 war axe.
 55906 | Crypt:2  | 55906 ||| DROPPING +0 war axe of flaming.
 55909 | Crypt:2  | 55909 ||| Stepping ~*~*~tactically~*~*~ (stealth).
 55926 | Crypt:2  | Reached skill level 12 in Invocations
 55939 | Crypt:2  | 55939 ||| Stepping ~*~*~tactically~*~*~ (stealth).
 55963 | Crypt:2  | Reached XP level 26. HP: 186/186 MP: 32/32
 55984 | Crypt:2  | Reached **** piety under the Shining One
 56012 | Crypt:2  | 56012 ||| READING scroll of enchant weapon.
 56012 | Crypt:2  | 56012 ||| ENCHANTING +3 war axe.
 56017 | Crypt:2  | 56017 ||| Stepping ~*~*~tactically~*~*~ (stealth).
 56018 | Crypt:2  | 56018 ||| Stepping ~*~*~tactically~*~*~ (stealth).
 56025 | Crypt:2  | 56025 ||| Stepping ~*~*~tactically~*~*~ (stealth).
 56601 | Crypt:2  | 56601 ||| Stepping ~*~*~tactically~*~*~ (hiding).
 56603 | Crypt:2  | 56603 ||| Stepping ~*~*~tactically~*~*~ (hiding).
 56605 | Crypt:2  | 56605 ||| Stepping ~*~*~tactically~*~*~ (hiding).
 56622 | Crypt:2  | Reached ***** piety under the Shining One
 57186 | Crypt:3  | Entered Level 3 of the Crypt
 57189 | Crypt:3  | 57189 ||| INVOKING Cleansing Flame.
 57202 | Crypt:3  | 57202 ||| INVOKING Cleansing Flame.
 57204 | Crypt:3  | 57204 ||| STAIRDANCE
 57298 | Crypt:3  | 57298 ||| INVOKING Summon Divine Warrior.
 57441 | Crypt:3  | 57441 ||| INVOKING Cleansing Flame.
 57499 | Crypt:3  | Reached ****** piety under the Shining One
 57510 | Crypt:3  | 57510 ||| INVOKING Brand Weapon With Holy Wrath.
 57510 | Crypt:3  | Identified a +4 broad axe of holy wrath (a +2 vampiric
                  | broad axe blessed by the Shining One)
 57510 | Crypt:3  | Received a gift from the Shining One
 57511 | Crypt:3  | 57511 ||| SWAPPING to +4 broad axe of holy wrath.
 57512 | Crypt:3  | 57512 ||| DROPPING +4 war axe.
 57541 | Crypt:3  | Found a staircase to the Tomb.
 57581 | Crypt:3  | 57581 ||| Stepping ~*~*~tactically~*~*~ (cloud).
 57685 | Crypt:3  | 57685 ||| INVOKING Cleansing Flame.
 57691 | Crypt:3  | Reached skill level 15 in Invocations
 57693 | Crypt:3  | Paralysed by a vampire knight for 2 turns
 57749 | Crypt:3  | 57749 ||| DRINKING 31 potions of curing.
 57749 | Crypt:3  | 57749 ||| (to cure confusion)
 57798 | Crypt:3  | Found a basalt altar of Yredelemnul.
 57828 | Crypt:3  | Noticed Jory
 57856 | Crypt:3  | Killed Jory
 57951 | Crypt:3  | 57951 ||| Stepping ~*~*~tactically~*~*~ (hiding).
 57952 | Crypt:3  | 57952 ||| Stepping ~*~*~tactically~*~*~ (hiding).
 58341 | Crypt:3  | 58341 ||| Stepping ~*~*~tactically~*~*~ (stealth).
 58374 | Crypt:3  | 58374 ||| Stepping ~*~*~tactically~*~*~ (hiding).
 58439 | Crypt:3  | Identified the ring "Dosiastru" {rC+ rN+ Slay+2 Stlth-}
 58439 | Crypt:3  | Identified the ring "Myeske" {+Blink rF+ rN+ Int+4 Dex-4
                  | SInv}
 58439 | Crypt:3  | Identified the ring "Zeohicupt" {rF+ rN+}
 58620 | Crypt:3  | Identified the +3 dagger of a Labyrinth {venom, Will+}
 58625 | Crypt:3  | Identified the ring of Lust {rF+ Will++ Dex+6}
 58819 | Crypt:3  | 58819 ||| PLANNING TOMB
 58819 | Crypt:3  | 58819 ||| DROPPING ring of protection from fire.
 58820 | Crypt:3  | 58820 ||| UPGRADING to ring "Dosiastru" {rC+ rN+ Slay+2
                  | Stlth-}.
 58822 | Crypt:3  | 58822 ||| DROPPING ring "Myeske" {+Blink rF+ rN+ Int+4
                  | Dex-4 SInv}.
 58823 | Crypt:3  | 58823 ||| DROPPING ring of protection from cold.
 58824 | Crypt:3  | 58824 ||| DROPPING ring "Zeohicupt" {rF+ rN+}.
 58825 | Crypt:3  | 58825 ||| UPGRADING to ring of Lust {rF+ Will++ Dex+6}.
 58887 | Tomb:1   | Entered Level 1 of the Tomb of the Ancients
 58890 | Tomb:1   | 58890 ||| INVOKING Cleansing Flame.
 58891 | Tomb:1   | 58891 ||| FLEEEEING.
 58892 | Tomb:1   | 58892 ||| FLEEEEING.
 58893 | Tomb:1   | 58893 ||| STAIRDANCE
 59212 | Tomb:1   | 59212 ||| INVOKING Cleansing Flame.
 59212 | Tomb:1   | Noticed a royal mummy
 59213 | Tomb:1   | 59213 ||| INVOKING Summon Divine Warrior.
 59217 | Tomb:1   | 59217 ||| INVOKING Cleansing Flame.
 59217 | Tomb:1   | Noticed a royal mummy
 59219 | Tomb:1   | Killed a royal mummy
 59222 | Tomb:1   | 59222 ||| INVOKING Summon Divine Warrior.
 59225 | Tomb:1   | 59225 ||| INVOKING Cleansing Flame.
 59225 | Tomb:1   | Killed a royal mummy
 59234 | Tomb:1   | Reached skill level 18 in Invocations
 59242 | Tomb:1   | 59242 ||| INVOKING Cleansing Flame.
 59253 | Tomb:1   | 59253 ||| INVOKING Cleansing Flame.
 59257 | Tomb:1   | 59257 ||| FLEEEEING.
 60012 | Tomb:1   | 60012 ||| INVOKING Summon Divine Warrior.
 60024 | Tomb:1   | 60024 ||| INVOKING Summon Divine Warrior.
 60025 | Tomb:1   | HP: 29/186 [frost giant/bolt of cold[the fury of Okawaru]
                  | (42)]
 60026 | Tomb:1   | 60026 ||| READING 14 scrolls of teleportation.
 60026 | Tomb:1   | HP: 11/186 [frost giant/+2 battleaxe of freezing[the fury
                  | of Okawaru] (5)]
 60027 | Tomb:1   | 60027 ||| DRINKING 14 potions of heal wounds.
 60028 | Tomb:1   | 60028 ||| DRINKING 13 potions of heal wounds.
 60033 | Tomb:1   | 60033 ||| READING 13 scrolls of teleportation.
 60034 | Tomb:1   | 60034 ||| DRINKING 12 potions of heal wounds.
 60374 | Tomb:1   | 60374 ||| Stepping ~*~*~tactically~*~*~ (hiding).
 60488 | Tomb:1   | 60488 ||| Stepping ~*~*~tactically~*~*~ (stealth).
 60558 | Tomb:2   | 60558 ||| DRINKING 13 potions of haste.
 60558 | Tomb:2   | Noticed a royal mummy
 60558 | Tomb:2   | Noticed a royal mummy
 60559 | Tomb:2   | 60559 ||| DRINKING 10 potions of attraction.
 60560 | Tomb:2   | 60560 ||| INVOKING Cleansing Flame.
 60560 | Tomb:2   | Noticed a royal mummy
 60561 | Tomb:2   | 60561 ||| INVOKING Cleansing Flame.
 60562 | Tomb:2   | 60562 ||| INVOKING Summon Divine Warrior.
 60563 | Tomb:2   | Noticed a royal mummy
 60569 | Tomb:2   | 60569 ||| INVOKING Cleansing Flame.
 60569 | Tomb:2   | Killed a royal mummy
 60570 | Tomb:2   | 60570 ||| INVOKING Cleansing Flame.
 60570 | Tomb:2   | Killed a royal mummy
 60570 | Tomb:2   | Killed a royal mummy
 60576 | Tomb:2   | Killed a royal mummy
 60577 | Tomb:2   | Reached skill level 25 in Fighting
 60580 | Tomb:2   | HP: 45/188 [something (10)]
 60581 | Tomb:2   | 60581 ||| READING 12 scrolls of teleportation.
 60582 | Tomb:2   | 60582 ||| DRINKING 11 potions of heal wounds.
 60588 | Tomb:2   | 60588 ||| INVOKING Summon Divine Warrior.
 60612 | Tomb:2   | 60612 ||| INVOKING Cleansing Flame.
 60613 | Tomb:2   | Reached XP level 27. HP: 87/193 MP: 27/36
 60683 | Tomb:2   | 60683 ||| INVOKING Cleansing Flame.
 60692 | Tomb:2   | 60692 ||| INVOKING Cleansing Flame.
 60820 | Tomb:2   | 60820 ||| READING scroll of enchant armour.
 60820 | Tomb:2   | 60820 ||| ENCHANTING +1 hat.
 60858 | Tomb:2   | 60858 ||| READING scroll of enchant weapon.
 60858 | Tomb:2   | 60858 ||| ENCHANTING +4 broad axe of holy wrath.
 60986 | Tomb:2   | Identified the +1 dagger of the Indestructible God {freeze,
                  | Int+3}
 61203 | Tomb:1   | Noticed a royal mummy
 61203 | Tomb:1   | Noticed a royal mummy
 61204 | Tomb:1   | 61204 ||| Stepping ~*~*~tactically~*~*~ (hiding).
 61205 | Tomb:1   | 61205 ||| INVOKING Cleansing Flame.
 61206 | Tomb:1   | 61206 ||| INVOKING Summon Divine Warrior.
 61210 | Tomb:1   | Killed a royal mummy
 61211 | Tomb:1   | 61211 ||| INVOKING Cleansing Flame.
 61212 | Tomb:1   | 61212 ||| INVOKING Cleansing Flame.
 61213 | Tomb:1   | 61213 ||| INVOKING Cleansing Flame.
 61214 | Tomb:1   | 61214 ||| INVOKING Cleansing Flame.
 61214 | Tomb:1   | Killed a royal mummy
 61215 | Tomb:1   | Reached skill level 12 in Dodging
 61223 | Tomb:1   | Noticed a royal mummy
 61225 | Tomb:1   | 61225 ||| INVOKING Cleansing Flame.
 61226 | Tomb:1   | 61226 ||| INVOKING Cleansing Flame.
 61227 | Tomb:1   | 61227 ||| INVOKING Cleansing Flame.
 61228 | Tomb:1   | 61228 ||| DRINKING 5 potions of magic.
 61229 | Tomb:1   | 61229 ||| INVOKING Cleansing Flame.
 61229 | Tomb:1   | Killed a royal mummy
 61377 | Tomb:1   | Noticed a royal mummy
 61378 | Tomb:1   | 61378 ||| INVOKING Summon Divine Warrior.
 61379 | Tomb:1   | 61379 ||| INVOKING Cleansing Flame.
 61384 | Tomb:1   | Killed a royal mummy
 61492 | Tomb:1   | Noticed a royal mummy
 61494 | Tomb:1   | Noticed a royal mummy
 61501 | Tomb:1   | Killed a royal mummy
 61502 | Tomb:1   | 61502 ||| INVOKING Cleansing Flame.
 61508 | Tomb:1   | Killed a royal mummy
 61525 | Tomb:1   | Noticed a royal mummy
 61533 | Tomb:1   | Killed a royal mummy
 61551 | Tomb:1   | Noticed a royal mummy
 61555 | Tomb:1   | 61555 ||| INVOKING Cleansing Flame.
 61561 | Tomb:1   | Killed a royal mummy
 61563 | Tomb:1   | 61563 ||| INVOKING Cleansing Flame.
 61825 | Tomb:1   | 61825 ||| INVOKING Cleansing Flame.
 61837 | Tomb:1   | Noticed a royal mummy
 61838 | Tomb:1   | 61838 ||| INVOKING Summon Divine Warrior.
 61839 | Tomb:1   | Noticed a royal mummy
 61845 | Tomb:1   | 61845 ||| INVOKING Cleansing Flame.
 61849 | Tomb:1   | 61849 ||| INVOKING Summon Divine Warrior.
 61853 | Tomb:1   | Killed a royal mummy
 61855 | Tomb:1   | Killed a royal mummy
 61888 | Tomb:1   | Noticed a royal mummy
 61896 | Tomb:1   | Killed a royal mummy
 61896 | Tomb:1   | HP: 25/193 [something (24)]
 62280 | Tomb:1   | Noticed a royal mummy
 62281 | Tomb:1   | 62281 ||| INVOKING Summon Divine Warrior.
 62288 | Tomb:1   | Killed a royal mummy
 62499 | Tomb:1   | Was forgiven by Okawaru
 62509 | Tomb:1   | 62509 ||| INVOKING Summon Divine Warrior.
 62910 | Tomb:2   | 62910 ||| INVOKING Summon Divine Warrior.
 62912 | Tomb:2   | 62912 ||| INVOKING Cleansing Flame.
 62913 | Tomb:2   | 62913 ||| INVOKING Summon Divine Warrior.
 62919 | Tomb:2   | 62919 ||| INVOKING Cleansing Flame.
 62922 | Tomb:2   | 62922 ||| INVOKING Cleansing Flame.
 62923 | Tomb:2   | 62923 ||| INVOKING Cleansing Flame.
 62933 | Tomb:2   | 62933 ||| INVOKING Cleansing Flame.
 63126 | Tomb:3   | Entered Level 3 of the Tomb of the Ancients
 63127 | Tomb:3   | 63127 ||| DRINKING 12 potions of haste.
 63128 | Tomb:3   | 63128 ||| DRINKING 9 potions of attraction.
 63243 | Tomb:3   | 63243 ||| INVOKING Cleansing Flame.
 63250 | Tomb:3   | Noticed Boris
 63251 | Tomb:3   | 63251 ||| INVOKING Summon Divine Warrior.
 63258 | Tomb:3   | Lost intelligence.
 63261 | Tomb:3   | 63261 ||| INVOKING Summon Divine Warrior.
 63262 | Tomb:3   | 63262 ||| INVOKING Cleansing Flame.
 63263 | Tomb:3   | 63263 ||| INVOKING Cleansing Flame.
 63263 | Tomb:3   | Killed Boris
 63264 | Tomb:3   | 63264 ||| INVOKING Cleansing Flame.
 63265 | Tomb:3   | 63265 ||| INVOKING Cleansing Flame.
 63265 | Tomb:3   | HP: 48/193 [fenstrider witch zombie (12)]
 63266 | Tomb:3   | 63266 ||| DRINKING 10 potions of heal wounds.
 63267 | Tomb:3   | 63267 ||| INVOKING Cleansing Flame.
 63268 | Tomb:3   | 63268 ||| INVOKING Summon Divine Warrior.
 63269 | Tomb:3   | 63269 ||| INVOKING Cleansing Flame.
 63270 | Tomb:3   | 63270 ||| INVOKING Cleansing Flame.
 63271 | Tomb:3   | Noticed a royal mummy
 63272 | Tomb:3   | 63272 ||| INVOKING Cleansing Flame.
 63273 | Tomb:3   | Noticed Khufu
 63273 | Tomb:3   | Noticed a royal mummy
 63273 | Tomb:3   | HP: 46/193 [??? (9)]
 63274 | Tomb:3   | 63274 ||| DRINKING 9 potions of heal wounds.
 63275 | Tomb:3   | Noticed a royal mummy
 63278 | Tomb:3   | 63278 ||| INVOKING Cleansing Flame.
 63278 | Tomb:3   | Noticed a royal mummy
 63279 | Tomb:3   | Noticed a royal mummy
 63280 | Tomb:3   | 63280 ||| INVOKING Cleansing Flame.
 63280 | Tomb:3   | HP: 39/193 [Khufu/divine providence (12)]
 63280 | Tomb:3   | HP: 15/193 [royal mummy/divine providence (10)]
 63281 | Tomb:3   | 63281 ||| DRINKING 8 potions of heal wounds.
 63282 | Tomb:3   | 63282 ||| DRINKING 7 potions of heal wounds.
 63283 | Tomb:3   | 63283 ||| DRINKING 6 potions of heal wounds.
 63284 | Tomb:3   | 63284 ||| DRINKING 5 potions of heal wounds.
 63284 | Tomb:3   | Noticed a royal mummy
 63285 | Tomb:3   | 63285 ||| INVOKING Cleansing Flame.
 63285 | Tomb:3   | HP: 47/193 [Khufu/divine providence (17)]
 63286 | Tomb:3   | 63286 ||| DRINKING 4 potions of heal wounds.
 63287 | Tomb:3   | 63287 ||| DRINKING 3 potions of heal wounds.
 63288 | Tomb:3   | 63288 ||| DRINKING 2 potions of heal wounds.
 63289 | Tomb:3   | 63289 ||| DRINKING potion of heal wounds.
 63289 | Tomb:3   | HP: 20/193 [royal mummy/divine providence (16)]
 63290 | Tomb:3   | 63290 ||| INVOKING Cleansing Flame.
 63290 | Tomb:3   | Killed a royal mummy
 63290 | Tomb:3   | HP: 9/193 [royal mummy/divine providence (15)]
 63291 | Tomb:3   | 63291 ||| INVOKING Cleansing Flame.
 63291 | Tomb:3   | Noticed a royal mummy
 63292 | Tomb:3   | 63292 ||| INVOKING Cleansing Flame.
 63292 | Tomb:3   | Killed a royal mummy
 63292 | Tomb:3   | HP: 1/193 [something (20)]
 63292 | Tomb:3   | The Shining One protects you from harm!
 63292 | Tomb:3   | Killed from afar by a royal mummy

Levels and vault maps discovered:
D:1:      minmay_arrival_split_and_join, layout_basic, minmay_misc_feat_chi
D:2:      layout_loops_ring, basic_altar, roderic_serpentine_path, uniq_robin
D:3:      kennysheep_big_flooded_room, layout_basic, kennysheep_slug_shrine,
          kennysheep_flooded_box, uniq_sigmund
D:4:      nicolae_BIG_FREAKIN_CUBE, layout_rooms,
          mainiacjoe_overflow_six_doors_small, serial_shops, shop
D:5:      layout_layer_cave, minmay_temple_entry_tees, serial_shops, shop
D:6:      layout_basic, pdpol_temple_overflow_zin_treasury_gozag_greed
D:7:      layout_basic, hangedman_ru_absence, enter_bailey_5, chequers_garden
D:8:      layout_loops_corners, nzn_wu_jian_contemplation, uniq_prince_ribbit1
D:9:      layout_basic
D:10:     gammafunk_sealed_arena, layout_loops_ring,
          nicolae_qazlal_eye_of_the_storm, hellmonk_lair_entry_icy, erik_orc_1,
          uniq_urug, uniq_maurice
D:11:     minmay_spotlight, layout_rooms, serial_co_window_serial,
          co_window_of_opportunity_a, co_window_paths_a, co_window_paths_a,
          co_window_of_opportunity_a, co_window_of_opportunity_a,
          co_window_2corner, co_window_broadway_c, co_window_of_opportunity_b,
          co_window_corner_ca, co_window_paths_c, glass_columns_a,
          minmay_evil_grid
D:12:     layout_basic, gauntlet_entry_generic
D:13:     layout_long_grid, david_vaults_2, uniq_josephine
D:14:     layout_roguey, hangedman_decor_diamond_cutter,
          nicolae_trove_entry_crystal, minivault_5
D:15:     hangedman_depths_entry_civil_slaughter, layout_long_grid,
          nicolae_gozag_cash_rules_everything_around_me,
          biasface_ghost_orc_armoury, minivault_16
Temple:   minmay_freezing_vapour_temple
Lair:1:   layout_cave_pods, enter_volcano_1, serial_bayou_pond_e,
          serial_bayou_shore_b, uniq_maggie
Lair:2:   layout_layer_cave, shoals_dummy_entry, nicolae_snake_entry_squirm,
          serial_bayou_shore_a, grunt_megastairs_2
Lair:3:   layout_gridlike, serial_bayou_crossing, grunt_megastairs_1
Lair:4:   layout_long_grid, slime_entry_1, lemuel_fruit_tree
Lair:5:   hellmonk_lair_end_abyssal_woods, layout_regular_city,
          serial_bayou_shore_b
Shoals:1: layout_shoals, st_sunken_huts
Shoals:2: layout_shoals, gammafunk_ghost_tricky_traps,
          nicolae_shoals_wave_tunnel, uniq_frances
Shoals:3: nicolae_shoals_mermall, layout_shoals, serial_shops,
          nicolae_shop_pleasant_corner_grove
Shoals:4: shoals_end_hangedman, layout_shoals, shoal_ilsuiw, uniq_mara
Snake:1:  layout_rooms, grunt_ministairs_10, serial_bayou_shore_b,
          minmay_shoptagon, uniq_nikola
Snake:2:  layout_rooms, serial_shops, nicolae_shop_advertising_works
          [nicolae_subvault_shop_adworks], grunt_megastairs_3, uniq_aizul,
          uniq_vashnia
Snake:3:  nicolae_snake_crotalidae_crossing, layout_misc_corridors
Snake:4:  grunt_snake_rune_pools, layout_onion_interference, serial_shops,
          shop_statue, grunt_megastairs_4, minmay_shop_star, uniq_mlioglotl,
          uniq_donald
Slime:1:  layout_caves
Slime:2:  layout_caves, cheibrodos_slime_lost_civilization_4
Slime:3:  layout_caves, nicolae_slime_crime_time
Slime:4:  layout_caves
Slime:5
Orc:1:    layout_caves, uniq_jorgrun
Orc:2:    st_orc_town, layout_caves, serial_shops, shop,
          nicolae_shop_back_alley_shop, shop, guppyfry_orc_lava_fort,
          uniq_erolcha
Vaults:1: lightli_enter_wizlab_magi_temple, vaults_room_glass_cross, v_misc_24,
          hangedman_vaults_stitches, v_alt_pattern_2, v_misc_28, v_misc_2,
          vaults_dpeg_ring, vaults_room_semicircle,
          nicolae_vaults_trapezoid_lopsided_1, layout_vaults_chaotic_city
Vaults:2: ontoclasm_vaults_bender, v_misc_4, v_rooms_6, nicolae_vaults_swerve,
          ontoclasm_vaults_ring_small, nicolae_vaults_sightless_eye,
          nicolae_vaults_tangram_1, ontoclasm_vaults_ring_square,
          nicolae_vaults_closet_pinwheel_4, nicolae_vaults_closet_pinwheel_1,
          vaults_mumra_lcd, nicolae_vaults_surprise_closet_hard,
          layout_vaults_omnicross
Vaults:3: minmay_crypt_entry_simple_plaza, nicolae_vaults_asterisk,
          v_alt_pattern_5, nicolae_vaults_stairing_the_circle, vaults_mumra_hex,
          v_pattern_1, sword_in_stone, vaults_standard_mumra_lines,
          nicolae_vaults_heist, layout_vaults_maze_bifur, serial_shops,
          nicolae_shop_tiny_glass, nicolae_diamond_shop,
          nicolae_shop_window_shopping
Vaults:4: grunt_vaults_swirl, nicolae_vaults_fighting_squares,
          nicolae_vaults_sealed_display, nicolae_vaults_closet_pinwheel_6,
          v_misc_27, v_misc_12, hangedman_vaults_trim,
          nicolae_vaults_apartment_2, vaults_room_large_hall, v_misc_13,
          layout_vaults_omnigrid
Vaults:5: serial_shops, uniq_saint_roka
Crypt:1:  layout_basic, serial_sigils_hangedman_shear, st_stairs_1
Crypt:2:  layout_gridlike
Crypt:3:  church_of_pain_bobbens, layout_chaotic_city
Tomb:1
Tomb:2
Tomb:3:   uniq_boris
Depths:1: layout_gridlike, nicolae_twisting_strands, hell_entry,
          grunt_pan_entry_sceptre, serial_bayou_pond_e, lemuel_freeze_loot_1
Depths:2: hangedman_cross_cluster, layout_cave_shapes, pf_hell_entry_great_geh,
          rand_demon_pan_entry_5, fountainhead, infiniplex_staircase_door_maze
Depths:3: minmay_the_grid_triangle_9x9_rhombus_thin_mashed
          [minmay_the_grid_triangle_9x9_semitri,
          minmay_the_grid_triangle_9x9_prize_insulated,
          minmay_the_grid_triangle_9x9_subtriangle,
          minmay_the_grid_triangle_9x9_minimal], layout_gridlike, hell_entry,
          serial_bayou, serial_bayou_pond_d, serial_bayou_pond_a,
          serial_bayou_pond_b, serial_bayou_pond_b, abyss_entry,
          serial_bayou_lagoon_a, nicolae_lava_and_water, uniq_josephina
Depths:4: grunt_zot_entry_bicorn, layout_cave_pools, enter_ziggurat_b,
          hellmouth_1, hangedman_decor_points, bh_walls_and_bars
Zot:1:    layout_concentric_octagons
Zot:2:    layout_misc_corridors, grunt_ministairs_3
Zot:3:    layout_twisted_circle
Zot:4:    layout_misc_corridors, st_small_dragon_hoard_4

Skill      XL: |  1  2  3  4  5  6  7  8  9 10 11 12 13 14 15 16 17 18 19 20 21 22 23 24 25 26 27 |
---------------+----------------------------------------------------------------------------------+-----
Axes           | 2 3 5 6 7 8 9 10 11 12 13 15 16 18 | 18.0
Fighting       | 4 5 7 8 9 10 11 13 15 16 18 19 20 22 23 24 25 | 25.4
Armour         | 4 5 6 7 8 9 10 11 13 14 15 17 18 19 20 21 22 | 22.3
Dodging        | 1 2 3 4 5 6 8 9 11 13 | 13.0
Invocations    | 4 8 10 12 18 19 | 19.0
Throwing       | 1 3 4 6 7 9 10 11 12 13 14 | 14.6
Shields        | 4 7 9 10 11 12 13 14 15 16 17 18 21 22 | 22.5

Action                     |  1- 3 |  4- 6 |  7- 9 | 10-12 | 13-15 | 16-18 | 19-21 | 22-24 | 25-27 || total
---------------------------+-------+-------+-------+-------+-------+-------+-------+-------+-------++-------
  Melee: War axe           |    83 |   125 |   381 |   653 |  1269 |  1652 |  1952 |  1693 |   773 ||  8581
         Morningstar       |       |       |       |     9 |    27 |       |       |       |       ||    36
         Broad axe         |       |       |       |       |       |       |       |   569 |  1215 ||  1784
  Throw: Boomerang         |       |       |    14 |    14 |    18 |       |       |       |       ||    46
         Javelin           |       |       |       |    53 |   128 |    56 |   128 |    63 |   223 ||   651
 Invoke: Heroism           |       |       |     5 |    25 |    33 |    34 |     8 |    45 |    13 ||   163
         Finesse           |       |       |       |     1 |     8 |     4 |     2 |     5 |       ||    20
         Cleansing Flame   |       |       |       |       |       |       |       |       |    52 ||    52
         Summon Divine War |       |       |       |       |       |       |       |       |    18 ||    18
         Brand Weapon With |       |       |       |       |       |       |       |       |     1 ||     1
    Use: Scroll            |       |     9 |     7 |     5 |    15 |     8 |     5 |     1 |    11 ||    61
         Potion            |       |       |     5 |     3 |       |       |       |     1 |    22 ||    31
   Stab: Confused          |       |       |       |     3 |       |       |       |       |       ||     3
         Held in net/web   |       |       |       |       |       |     1 |       |       |       ||     1
         Distracted        |       |       |       |       |       |       |     1 |     2 |       ||     3
         Sleeping          |       |       |       |       |       |       |       |       |     1 ||     1
 Armour: Scale mail        |    15 |       |       |       |       |       |       |       |   141 ||   156
         Chain mail        |    23 |       |       |       |       |       |       |       |       ||    23
         Plate armour      |       |    75 |   280 |   373 |   532 |   842 |   930 |   825 |   592 ||  4449
         Gold dragon scale |       |       |       |       |       |       |       |   192 |   151 ||   343
  Dodge: Dodged            |    29 |    31 |   121 |   176 |   237 |   384 |   402 |   651 |   731 ||  2762
         Repelled          |       |       |       |       |       |       |       |    32 |    27 ||    59
  Block: Buckler           |    12 |    13 |    68 |    43 |       |       |       |       |       ||   136
         Kite shield       |       |       |       |   298 |   739 |  1492 |  1563 |       |       ||  4092
         Reflection        |       |       |       |       |    19 |   133 |   113 |    49 |    75 ||   389
         Tower shield      |       |       |       |       |       |       |    36 |  2711 |  2620 ||  5367

Table legend:
 A = Non-vault XP
 B = Vault XP
 C = Vault XP percentage of total XP
 D = Non-vault monster count
 E = Vault monster count
 F = Vault count percentage of total count
                 A         B        C        D         E       F
            +---------+---------+-------+---------+---------+-------
      Total |  756907 |  644137 |  46.0 |    1499 |     883 |  37.1
            +---------+---------+-------+---------+---------+-------
        D:1 |      23 |       0 |   0.0 |      14 |       0 |   0.0
        D:2 |      33 |      26 |  44.1 |       9 |       7 |  43.8
        D:3 |     130 |     237 |  64.6 |      20 |       3 |  13.0
        D:4 |     375 |       0 |   0.0 |      19 |       0 |   0.0
        D:5 |     283 |       0 |   0.0 |       8 |       0 |   0.0
        D:6 |    1690 |       0 |   0.0 |      33 |       0 |   0.0
        D:7 |     721 |       8 |   1.1 |      16 |       4 |  20.0
        D:8 |    1192 |     259 |  17.8 |      33 |       1 |   2.9
        D:9 |    2498 |       0 |   0.0 |      28 |       0 |   0.0
       D:10 |    2542 |    3480 |  57.8 |      16 |      28 |  63.6
       D:11 |    4585 |    5904 |  56.3 |      20 |      11 |  35.5
       D:12 |    1522 |       0 |   0.0 |       4 |       0 |   0.0
       D:13 |    7631 |    4968 |  39.4 |      22 |      11 |  33.3
       D:14 |    8507 |       0 |   0.0 |      19 |       0 |   0.0
       D:15 |   11042 |    3707 |  25.1 |      21 |       6 |  22.2
     Lair:1 |    2806 |     376 |  11.8 |      13 |       1 |   7.1
     Lair:2 |    6514 |     896 |  12.1 |      22 |       4 |  15.4
     Lair:3 |    4819 |     346 |   6.7 |      16 |       3 |  15.8
     Lair:4 |    3979 |       0 |   0.0 |       9 |       0 |   0.0
     Lair:5 |    5848 |    9866 |  62.8 |      16 |      36 |  69.2
   Shoals:1 |   13182 |    5969 |  31.2 |      28 |       9 |  24.3
   Shoals:2 |   16286 |    3268 |  16.7 |      32 |       7 |  17.9
   Shoals:3 |   11221 |    2283 |  16.9 |      23 |       7 |  23.3
   Shoals:4 |   20301 |   25066 |  55.3 |      47 |      38 |  44.7
    Snake:1 |   14062 |    3226 |  18.7 |      26 |       3 |  10.3
    Snake:2 |   14358 |    9323 |  39.4 |      24 |      10 |  29.4
    Snake:3 |   18552 |    6182 |  25.0 |      40 |      11 |  21.6
    Snake:4 |   28431 |   29085 |  50.6 |      61 |      39 |  39.0
    Slime:1 |   11082 |       0 |   0.0 |      30 |       0 |   0.0
    Slime:2 |     440 |       0 |   0.0 |       1 |       0 |   0.0
    Slime:3 |    3484 |    2422 |  41.0 |      15 |       6 |  28.6
    Slime:4 |    5888 |       0 |   0.0 |      17 |       0 |   0.0
    Slime:5 |   15251 |   23076 |  60.2 |      26 |      17 |  39.5
      Orc:1 |    2102 |    1850 |  46.8 |      26 |       1 |   3.7
      Orc:2 |    6141 |   10747 |  63.6 |      41 |      77 |  65.3
   Vaults:1 |   43993 |   18078 |  29.1 |      70 |      26 |  27.1
   Vaults:2 |   39211 |   13673 |  25.9 |      58 |      17 |  22.7
   Vaults:3 |   38261 |   43068 |  53.0 |      58 |      52 |  47.3
   Vaults:4 |   35567 |   38624 |  52.1 |      48 |      48 |  50.0
   Vaults:5 |   22990 |   68179 |  74.8 |      37 |      68 |  64.8
    Crypt:1 |   16851 |    1387 |   7.6 |      27 |       2 |   6.9
    Crypt:2 |   33664 |       0 |   0.0 |      55 |       0 |   0.0
    Crypt:3 |   25813 |   51976 |  66.8 |      41 |      71 |  63.4
     Tomb:1 |    9183 |   66931 |  87.9 |      19 |      40 |  67.8
     Tomb:2 |    8819 |   51804 |  85.5 |      26 |      70 |  72.9
     Tomb:3 |   12234 |   45791 |  78.9 |      36 |      63 |  63.6
   Depths:1 |   23710 |       0 |   0.0 |      29 |       0 |   0.0
   Depths:2 |   15538 |   30423 |  66.2 |      22 |      27 |  55.1
   Depths:3 |   28123 |   25172 |  47.2 |      32 |      21 |  39.6
   Depths:4 |   36745 |   17921 |  32.8 |      47 |      18 |  27.7
      Zot:1 |   31899 |       0 |   0.0 |      28 |       0 |   0.0
      Zot:2 |   25775 |    4491 |  14.8 |      22 |       2 |   8.3
      Zot:3 |   42811 |       0 |   0.0 |      36 |       0 |   0.0
      Zot:4 |   18199 |   10082 |  35.6 |      13 |       6 |  31.6
   Gauntlet |       0 |    3967 | 100.0 |       0 |      12 | 100.0
            +---------+---------+-------+---------+---------+-------
